Workbook
Name data: [1]banco!$B$2

Sheet JAN
A3: MINISTÉRIO DA FAZENDA - MF
A4: SECRETARIA DO TESOURO NACIONAL - STN
A5: COORDENAÇÃO-GERAL DE TRANSFERÊNCIAS INTERGOVERNAMENTAIS - COINT
A8: DEMONSTRATIVO DAS TRANSFERÊNCIAS DAS RECEITAS FEDERAIS AOS ESTADOS, DF E MUNICÍPIOS
A9: E AOS FUNDOS CONSTITUCIONAIS DO NORTE, NORDESTE E CENTRO-OESTE
A10: 46023
G11: R$ Mil
A12: RECEITAS | B12: DEMONSTRATIVO DA BASE DE CÁLCULO
B13: ARRECADAÇÃO | C13: DEDUÇÃO | D13: DEDUÇÃO | E13: INCENTIVOS | F13: RESTITUIÇÃO | G13: ARRECADAÇÃO
B14: BRUTA | C14: PIN | D14: PROTERRA | E14: FISCAIS | G14: LÍQUIDA
B15: (A) | C15: (B) | D15: (C) | E15: (D) | F15: (E) | G15: (F = A-B-C-D-E)
A17: Imposto de Renda de Pessoa Física | B17: 3882568.1 | C17: 0 | D17: 0 | E17: 0 | F17: 24119.7 | G17: =B17-C17-D17-E17-F17 -> 3858448.4
A18: Imposto de Renda de Pessoa Jurídica | B18: 18483550 | C18: 0 | D18: 0 | E18: 374.61767 | F18: 5315548.5 | G18: =B18-C18-D18-E18-F18 -> 13167627
A19: Imposto de Renda Retido na Fonte | B19: 64077447 | C19: 0 | D19: 0 | E19: 0 | F19: 680247.35 | G19: =B19-C19-D19-E19-F19 -> 63397200
A20: Multas e Juros (I.R.) | B20: 1683472.7 | C20: 0 | D20: 0 | E20: 0 | F20: 712.39261 | G20: =B20-C20-D20-E20-F20 -> 1682760.3
A21: SUBTOTAL | B21: =SUM(B17:B20) -> 88127038 | C21: =SUM(C17:C20) -> 0 | D21: =SUM(D17:D20) -> 0 | E21: =SUM(E17:E20) -> 374.61767 | F21: =SUM(F17:F20) -> 6020628 | G21: =SUM(G17:G20) -> 82106036
A22: Imposto sobre Produtos Industrializados | B22: 7306499.5 | C22: 0 | D22: 0 | E22: 0 | F22: 471636.21 | G22: =B22-C22-D22-E22-F22 -> 6834863.2
A23: Multas e Juros (IPI) | B23: 152421.32 | C23: 0 | D23: 0 | E23: 0 | F23: 422.51955 | G23: =B23-C23-D23-E23-F23 -> 151998.8
A24: SUBTOTAL | B24: =SUM(B22:B23) -> 7458920.8 | C24: =SUM(C22:C23) -> 0 | D24: =SUM(D22:D23) -> 0 | E24: =SUM(E22:E23) -> 0 | F24: =SUM(F22:F23) -> 472058.73 | G24: =SUM(G22:G23) -> 6986862
A26: TOTAL | B26: =SUM(B24,B21) -> 95585959 | C26: =SUM(C24,C21) -> 0 | D26: =SUM(D24,D21) -> 0 | E26: =SUM(E24,E21) -> 374.61767 | F26: =SUM(F24,F21) -> 6492686.7 | G26: =SUM(G24,G21) -> 89092898
G28: R$ Mil
A29: RECEITAS | B29: DEMONSTRATIVO DA BASE DE CÁLCULO
B30: MUNICÍPIOS | C30: ESTADOS | E30: REGIÕES
B31: FPM | C31: FPE | D31: IPI-EXP | E31: FNE | F31: FNO | G31: FCO
B32: (22,5% x (F)) | C32: (21,5% x (F)) | D32: (10% x (F)) | E32: (1,8% x (F)) | F32: (0,6% x (F)) | G32: (0,6% x (F))
A34: Imposto de Renda de Pessoa Física | B34: =22.5%*$G17 -> 868150.9 | C34: =21.5%*$G17 -> 829566.41 | E34: =1.8%*$G17 -> 69452.072 | F34: =0.6%*$G17 -> 23150.691 | G34: =0.6%*$G17 -> 23150.691
A35: Imposto de Renda de Pessoa Jurídica | B35: =22.5%*$G18 -> 2962716.1 | C35: =21.5%*$G18 -> 2831039.8 | E35: =1.8%*$G18 -> 237017.29 | F35: =0.6%*$G18 -> 79005.762 | G35: =0.6%*$G18 -> 79005.762
A36: Imposto de Renda Retido na Fonte | B36: =22.5%*$G19 -> 14264370 | C36: =21.5%*$G19 -> 13630398 | E36: =1.8%*$G19 -> 1141149.6 | F36: =0.6%*$G19 -> 380383.2 | G36: =0.6%*$G19 -> 380383.2
A37: Multas e Juros (I.R.) | B37: =22.5%*$G20 -> 378621.06 | C37: =21.5%*($G20) -> 361793.46 | E37: =1.8%*($G20) -> 30289.685 | F37: =0.6%*($G20) -> 10096.562 | G37: =0.6%*($G20) -> 10096.562
A38: SUBTOTAL | B38: =SUM(B34:B37) -> 18473858 | C38: =SUM(C34:C37) -> 17652798 | E38: =SUM(E34:E37) -> 1477908.6 | F38: =SUM(F34:F37) -> 492636.21 | G38: =SUM(G34:G37) -> 492636.21
A39: Imposto sobre Produtos Industrializados | B39: =22.5%*$G22 -> 1537844.2 | C39: =21.5%*$G22 -> 1469495.6 | D39: =10%*$G22 -> 683486.32 | E39: =1.8%*$G22 -> 123027.54 | F39: =0.6%*$G22 -> 41009.179 | G39: =0.6%*$G22 -> 41009.179
A40: Multas e Juros (IPI) | B40: =22.5%*$G23 -> 34199.73 | C40: =21.5%*$G23 -> 32679.742 | D40: =10%*$G23 -> 15199.88 | E40: =1.8%*$G23 -> 2735.9784 | F40: =0.6%*$G23 -> 911.99279 | G40: =0.6%*$G23 -> 911.99279
A41: SUBTOTAL | B41: =SUM(B39:B40) -> 1572044 | C41: =SUM(C39:C40) -> 1502175.3 | D41: =SUM(D39:D40) -> 698686.2 | E41: =SUM(E39:E40) -> 125763.52 | F41: =SUM(F39:F40) -> 41921.172 | G41: =SUM(G39:G40) -> 41921.172
A43: Retenção para transferência ao Fundeb (20%) | B43: =(B38+B41)*0.2 -> 4009180.4 | C43: =(C38+C41)*0.2 -> 3830994.6 | D43: =(D38+D41)*0.2 -> 139737.24
A45: TOTAL | B45: =B38+B41-B43 -> 16036722 | C45: =C38+C41-C43 -> 15323978 | D45: =D38+D41-D43 -> 558948.96 | E45: =E38+E41-E43 -> 1603672.2 | F45: =F38+F41-F43 -> 534557.39 | G45: =G38+G41-G43 -> 534557.39
A46: Observações:
A47: Receita classificada referente ao período de 21/12/2025 a 20/01/2026
A48: Na arrecadação bruta do IRPJ estão incluídos os incentivos fiscais e o PIN/PROTERRA.

Sheet FEV
A3: MINISTÉRIO DA FAZENDA - MF
A4: SECRETARIA DO TESOURO NACIONAL - STN
A5: COORDENAÇÃO-GERAL DE TRANSFERÊNCIAS INTERGOVERNAMENTAIS - COINT
A8: DEMONSTRATIVO DAS TRANSFERÊNCIAS DAS RECEITAS FEDERAIS AOS ESTADOS, DF E MUNICÍPIOS
A9: E AOS FUNDOS CONSTITUCIONAIS DO NORTE, NORDESTE E CENTRO-OESTE
A10: 46054
G11: R$ Mil
A12: RECEITAS | B12: DEMONSTRATIVO DA BASE DE CÁLCULO
B13: ARRECADAÇÃO | C13: DEDUÇÃO | D13: DEDUÇÃO | E13: INCENTIVOS | F13: RESTITUIÇÃO | G13: ARRECADAÇÃO
B14: BRUTA | C14: PIN | D14: PROTERRA | E14: FISCAIS | G14: LÍQUIDA
B15: (A) | C15: (B) | D15: (C) | E15: (D) | F15: (E) | G15: (F = A-B-C-D-E)
A17: Imposto de Renda de Pessoa Física | B17: 2845705.5 | C17: 0 | D17: 0 | E17: 0 | F17: 35139.612 | G17: =B17-C17-D17-E17-F17 -> 2810565.9
A18: Imposto de Renda de Pessoa Jurídica | B18: 64279705 | C18: 0 | D18: 0 | E18: 0 | F18: 4024540.8 | G18: =B18-C18-D18-E18-F18 -> 60255164
A19: Imposto de Renda Retido na Fonte | B19: 40559148 | C19: 0 | D19: 0 | E19: 0 | F19: 469945.51 | G19: =B19-C19-D19-E19-F19 -> 40089203
A20: Multas e Juros (I.R.) | B20: 1539135.4 | C20: 0 | D20: 0 | E20: 0 | F20: 9590.5775 | G20: =B20-C20-D20-E20-F20 -> 1529544.8
A21: SUBTOTAL | B21: =SUM(B17:B20) -> 1.0922369e+08 | C21: =SUM(C17:C20) -> 0 | D21: =SUM(D17:D20) -> 0 | E21: =SUM(E17:E20) -> 0 | F21: =SUM(F17:F20) -> 4539216.5 | G21: =SUM(G17:G20) -> 1.0468448e+08
A22: Imposto sobre Produtos Industrializados | B22: 7392849.5 | C22: 0 | D22: 0 | E22: 0 | F22: 193403.28 | G22: =B22-C22-D22-E22-F22 -> 7199446.2
A23: Multas e Juros (IPI) | B23: 132803.23 | C23: 0 | D23: 0 | E23: 0 | F23: 264.67333 | G23: =B23-C23-D23-E23-F23 -> 132538.56
A24: SUBTOTAL | B24: =SUM(B22:B23) -> 7525652.7 | C24: =SUM(C22:C23) -> 0 | D24: =SUM(D22:D23) -> 0 | E24: =SUM(E22:E23) -> 0 | F24: =SUM(F22:F23) -> 193667.95 | G24: =SUM(G22:G23) -> 7331984.8
A26: TOTAL | B26: =SUM(B24,B21) -> 1.1674935e+08 | C26: =SUM(C24,C21) -> 0 | D26: =SUM(D24,D21) -> 0 | E26: =SUM(E24,E21) -> 0 | F26: =SUM(F24,F21) -> 4732884.4 | G26: =SUM(G24,G21) -> 1.1201646e+08
G28: R$ Mil
A29: RECEITAS | B29: DEMONSTRATIVO DA BASE DE CÁLCULO
B30: MUNICÍPIOS | C30: ESTADOS | E30: REGIÕES
B31: FPM | C31: FPE | D31: IPI-EXP | E31: FNE | F31: FNO | G31: FCO
B32: (22,5% x (F)) | C32: (21,5% x (F)) | D32: (10% x (F)) | E32: (1,8% x (F)) | F32: (0,6% x (F)) | G32: (0,6% x (F))
A34: Imposto de Renda de Pessoa Física | B34: =22.5%*$G17 -> 632377.33 | C34: =21.5%*$G17 -> 604271.67 | E34: =1.8%*$G17 -> 50590.186 | F34: =0.6%*$G17 -> 16863.395 | G34: =0.6%*$G17 -> 16863.395
A35: Imposto de Renda de Pessoa Jurídica | B35: =22.5%*$G18 -> 13557412 | C35: =21.5%*$G18 -> 12954860 | E35: =1.8%*$G18 -> 1084593 | F35: =0.6%*$G18 -> 361530.99 | G35: =0.6%*$G18 -> 361530.99
A36: Imposto de Renda Retido na Fonte | B36: =22.5%*$G19 -> 9020070.6 | C36: =21.5%*$G19 -> 8619178.6 | E36: =1.8%*$G19 -> 721605.65 | F36: =0.6%*$G19 -> 240535.22 | G36: =0.6%*$G19 -> 240535.22
A37: Multas e Juros (I.R.) | B37: =22.5%*$G20 -> 344147.59 | C37: =21.5%*($G20) -> 328852.14 | E37: =1.8%*($G20) -> 27531.807 | F37: =0.6%*($G20) -> 9177.269 | G37: =0.6%*($G20) -> 9177.269
A38: SUBTOTAL | B38: =SUM(B34:B37) -> 23554008 | C38: =SUM(C34:C37) -> 22507163 | E38: =SUM(E34:E37) -> 1884320.6 | F38: =SUM(F34:F37) -> 628106.87 | G38: =SUM(G34:G37) -> 628106.87
A39: Imposto sobre Produtos Industrializados | B39: =22.5%*$G22 -> 1619875.4 | C39: =21.5%*$G22 -> 1547880.9 | D39: =10%*$G22 -> 719944.62 | E39: =1.8%*$G22 -> 129590.03 | F39: =0.6%*$G22 -> 43196.677 | G39: =0.6%*$G22 -> 43196.677
A40: Multas e Juros (IPI) | B40: =22.5%*$G23 -> 29821.175 | C40: =21.5%*$G23 -> 28495.79 | D40: =10%*$G23 -> 13253.856 | E40: =1.8%*$G23 -> 2385.694 | F40: =0.6%*$G23 -> 795.23134 | G40: =0.6%*$G23 -> 795.23134
A41: SUBTOTAL | B41: =22.5%*$G24 -> 1649696.6 | C41: =SUM(C39:C40) -> 1576376.7 | D41: =SUM(D39:D40) -> 733198.48 | E41: =SUM(E39:E40) -> 131975.73 | F41: =SUM(F39:F40) -> 43991.909 | G41: =SUM(G39:G40) -> 43991.909
A43: Retenção para transferência ao Fundeb (20%) | B43: =(B38+B41)*0.2 -> 5040740.8 | C43: =(C38+C41)*0.2 -> 4816707.9 | D43: =(D38+D41)*0.2 -> 146639.7
A45: TOTAL | B45: =B38+B41-B43 -> 20162963 | C45: =C38+C41-C43 -> 19266832 | D45: =D38+D41-D43 -> 586558.78 | E45: =E38+E41-E43 -> 2016296.3 | F45: =F38+F41-F43 -> 672098.78 | G45: =G38+G41-G43 -> 672098.78
A46: Observações:
A47: Receita classificada referente ao período de 21/01/2026 a 20/02/2026
A48: Na arrecadação bruta do IRPJ estão incluídos os incentivos fiscais e o PIN/PROTERRA.

Sheet MAR
A3: MINISTÉRIO DA FAZENDA - MF
A4: SECRETARIA DO TESOURO NACIONAL - STN
A5: COORDENAÇÃO-GERAL DE TRANSFERÊNCIAS INTERGOVERNAMENTAIS - COINT
A8: DEMONSTRATIVO DAS TRANSFERÊNCIAS DAS RECEITAS FEDERAIS AOS ESTADOS, DF E MUNICÍPIOS
A9: E AOS FUNDOS CONSTITUCIONAIS DO NORTE, NORDESTE E CENTRO-OESTE
A10: 46082
G11: R$ Mil
A12: RECEITAS | B12: DEMONSTRATIVO DA BASE DE CÁLCULO
B13: ARRECADAÇÃO | C13: DEDUÇÃO | D13: DEDUÇÃO | E13: INCENTIVOS | F13: RESTITUIÇÃO | G13: ARRECADAÇÃO
B14: BRUTA | C14: PIN | D14: PROTERRA | E14: FISCAIS | G14: LÍQUIDA
B15: (A) | C15: (B) | D15: (C) | E15: (D) | F15: (E) | G15: (F = A-B-C-D-E)
A17: Imposto de Renda de Pessoa Física | B17: 2364622.8 | C17: 0 | D17: 0 | E17: 0 | F17: 83773.147 | G17: =B17-C17-D17-E17-F17 -> 2280849.6
A18: Imposto de Renda de Pessoa Jurídica | B18: 21838240 | C18: 0 | D18: 0 | E18: 0 | F18: 6168523.2 | G18: =B18-C18-D18-E18-F18 -> 15669717
A19: Imposto de Renda Retido na Fonte | B19: 42170944 | C19: 0 | D19: 0 | E19: 0 | F19: 690053.56 | G19: =B19-C19-D19-E19-F19 -> 41480891
A20: Multas e Juros (I.R.) | B20: 1143805.9 | C20: 0 | D20: 0 | E20: 0 | F20: 473.27922 | G20: =B20-C20-D20-E20-F20 -> 1143332.6
A21: SUBTOTAL | B21: =SUM(B17:B20) -> 67517613 | C21: =SUM(C17:C20) -> 0 | D21: =SUM(D17:D20) -> 0 | E21: =SUM(E17:E20) -> 0 | F21: =SUM(F17:F20) -> 6942823.2 | G21: =SUM(G17:G20) -> 60574790
A22: Imposto sobre Produtos Industrializados | B22: 7305181 | C22: 0 | D22: 0 | E22: 0 | F22: 97146.862 | G22: =B22-C22-D22-E22-F22 -> 7208034.1
A23: Multas e Juros (IPI) | B23: 49924.002 | C23: 0 | D23: 0 | E23: 0 | F23: 0.12287 | G23: =B23-C23-D23-E23-F23 -> 49923.879
A24: SUBTOTAL | B24: =SUM(B22:B23) -> 7355105 | C24: =SUM(C22:C23) -> 0 | D24: =SUM(D22:D23) -> 0 | E24: =SUM(E22:E23) -> 0 | F24: =SUM(F22:F23) -> 97146.985 | G24: =SUM(G22:G23) -> 7257958
A26: TOTAL | B26: =SUM(B24,B21) -> 74872718 | C26: =SUM(C24,C21) -> 0 | D26: =SUM(D24,D21) -> 0 | E26: =SUM(E24,E21) -> 0 | F26: =SUM(F24,F21) -> 7039970.2 | G26: =SUM(G24,G21) -> 67832748
G28: R$ Mil
A29: RECEITAS | B29: DEMONSTRATIVO DA BASE DE CÁLCULO
B30: MUNICÍPIOS | C30: ESTADOS | E30: REGIÕES
B31: FPM | C31: FPE | D31: IPI-EXP | E31: FNE | F31: FNO | G31: FCO
B32: (22,5% x (F)) | C32: (21,5% x (F)) | D32: (10% x (F)) | E32: (1,8% x (F)) | F32: (0,6% x (F)) | G32: (0,6% x (F))
A34: Imposto de Renda de Pessoa Física | B34: =22.5%*$G17 -> 513191.16 | C34: =21.5%*$G17 -> 490382.67 | E34: =1.8%*$G17 -> 41055.293 | F34: =0.6%*$G17 -> 13685.098 | G34: =0.6%*$G17 -> 13685.098
A35: Imposto de Renda de Pessoa Jurídica | B35: =22.5%*$G18 -> 3525686.4 | C35: =21.5%*$G18 -> 3368989.2 | E35: =1.8%*$G18 -> 282054.91 | F35: =0.6%*$G18 -> 94018.303 | G35: =0.6%*$G18 -> 94018.303
A36: Imposto de Renda Retido na Fonte | B36: =22.5%*$G19 -> 9333200.4 | C36: =21.5%*$G19 -> 8918391.5 | E36: =1.8%*$G19 -> 746656.03 | F36: =0.6%*$G19 -> 248885.34 | G36: =0.6%*$G19 -> 248885.34
A37: Multas e Juros (I.R.) | B37: =22.5%*$G20 -> 257249.83 | C37: =21.5%*($G20) -> 245816.51 | E37: =1.8%*($G20) -> 20579.986 | F37: =0.6%*($G20) -> 6859.9955 | G37: =0.6%*($G20) -> 6859.9955
A38: SUBTOTAL | B38: =SUM(B34:B37) -> 13629328 | C38: =SUM(C34:C37) -> 13023580 | E38: =SUM(E34:E37) -> 1090346.2 | F38: =SUM(F34:F37) -> 363448.74 | G38: =SUM(G34:G37) -> 363448.74
A39: Imposto sobre Produtos Industrializados | B39: =22.5%*$G22 -> 1621807.7 | C39: =21.5%*$G22 -> 1549727.3 | D39: =10%*$G22 -> 720803.41 | E39: =1.8%*$G22 -> 129744.61 | F39: =0.6%*$G22 -> 43248.205 | G39: =0.6%*$G22 -> 43248.205
A40: Multas e Juros (IPI) | B40: =22.5%*$G23 -> 11232.873 | C40: =21.5%*$G23 -> 10733.634 | D40: =10%*$G23 -> 4992.3879 | E40: =1.8%*$G23 -> 898.62982 | F40: =0.6%*$G23 -> 299.54327 | G40: =0.6%*$G23 -> 299.54327
A41: SUBTOTAL | B41: =22.5%*$G24 -> 1633040.5 | C41: =SUM(C39:C40) -> 1560461 | D41: =SUM(D39:D40) -> 725795.8 | E41: =SUM(E39:E40) -> 130643.24 | F41: =SUM(F39:F40) -> 43547.748 | G41: =SUM(G39:G40) -> 43547.748
A43: Retenção para transferência ao Fundeb (20%) | B43: =(B38+B41)*0.2 -> 3052473.7 | C43: =(C38+C41)*0.2 -> 2916808.2 | D43: =(D38+D41)*0.2 -> 145159.16
A45: TOTAL | B45: =B38+B41-B43 -> 12209895 | C45: =C38+C41-C43 -> 11667233 | D45: =D38+D41-D43 -> 580636.64 | E45: =E38+E41-E43 -> 1220989.5 | F45: =F38+F41-F43 -> 406996.49 | G45: =G38+G41-G43 -> 406996.49
A46: Observações:
A47: Receita classificada referente ao período de 21/02/2026 a 20/03/2026
A48: Na arrecadação bruta do IRPJ estão incluídos os incentivos fiscais e o PIN/PROTERRA.

Sheet ABR
A3: MINISTÉRIO DA FAZENDA - MF
A4: SECRETARIA DO TESOURO NACIONAL - STN
A5: COORDENAÇÃO-GERAL DE TRANSFERÊNCIAS INTERGOVERNAMENTAIS - COINT
A8: DEMONSTRATIVO DAS TRANSFERÊNCIAS DAS RECEITAS FEDERAIS AOS ESTADOS, DF E MUNICÍPIOS
A9: E AOS FUNDOS CONSTITUCIONAIS DO NORTE, NORDESTE E CENTRO-OESTE
A10: 46113
G11: R$ Mil
A12: RECEITAS | B12: DEMONSTRATIVO DA BASE DE CÁLCULO
B13: ARRECADAÇÃO | C13: DEDUÇÃO | D13: DEDUÇÃO | E13: INCENTIVOS | F13: RESTITUIÇÃO | G13: ARRECADAÇÃO
B14: BRUTA | C14: PIN | D14: PROTERRA | E14: FISCAIS | G14: LÍQUIDA
B15: (A) | C15: (B) | D15: (C) | E15: (D) | F15: (E) | G15: (F = A-B-C-D-E)
A17: Imposto de Renda de Pessoa Física | B17: 2775736.6 | C17: 0 | D17: 0 | E17: 0 | F17: 16604.902 | G17: =B17-C17-D17-E17-F17 -> 2759131.7
A18: Imposto de Renda de Pessoa Jurídica | B18: 25603916 | C18: 0 | D18: 0 | E18: 0 | F18: 2749599.4 | G18: =B18-C18-D18-E18-F18 -> 22854317
A19: Imposto de Renda Retido na Fonte | B19: 46762302 | C19: 0 | D19: 0 | E19: 0 | F19: 324885.24 | G19: =B19-C19-D19-E19-F19 -> 46437417
A20: Multas e Juros (I.R.) | B20: 1431038 | C20: 0 | D20: 0 | E20: 0 | F20: 142.82966 | G20: =B20-C20-D20-E20-F20 -> 1430895.1
A21: SUBTOTAL | B21: =SUM(B17:B20) -> 76572993 | C21: =SUM(C17:C20) -> 0 | D21: =SUM(D17:D20) -> 0 | E21: =SUM(E17:E20) -> 0 | F21: =SUM(F17:F20) -> 3091232.3 | G21: =SUM(G17:G20) -> 73481760
A22: Imposto sobre Produtos Industrializados | B22: 7153549.5 | C22: 0 | D22: 0 | E22: 0 | F22: 873037.75 | G22: =B22-C22-D22-E22-F22 -> 6280511.7
A23: Multas e Juros (IPI) | B23: 108504.78 | C23: 0 | D23: 0 | E23: 0 | F23: 4305.4974 | G23: =B23-C23-D23-E23-F23 -> 104199.28
A24: SUBTOTAL | B24: =SUM(B22:B23) -> 7262054.2 | C24: =SUM(C22:C23) -> 0 | D24: =SUM(D22:D23) -> 0 | E24: =SUM(E22:E23) -> 0 | F24: =SUM(F22:F23) -> 877343.24 | G24: =SUM(G22:G23) -> 6384711
A26: TOTAL | B26: =SUM(B24,B21) -> 83835047 | C26: =SUM(C24,C21) -> 0 | D26: =SUM(D24,D21) -> 0 | E26: =SUM(E24,E21) -> 0 | F26: =SUM(F24,F21) -> 3968575.6 | G26: =SUM(G24,G21) -> 79866471
G28: R$ Mil
A29: RECEITAS | B29: DEMONSTRATIVO DA BASE DE CÁLCULO
B30: MUNICÍPIOS | C30: ESTADOS | E30: REGIÕES
B31: FPM | C31: FPE | D31: IPI-EXP | E31: FNE | F31: FNO | G31: FCO
B32: (22,5% x (F)) | C32: (21,5% x (F)) | D32: (10% x (F)) | E32: (1,8% x (F)) | F32: (0,6% x (F)) | G32: (0,6% x (F))
A34: Imposto de Renda de Pessoa Física | B34: =22.5%*$G17 -> 620804.63 | C34: =21.5%*$G17 -> 593213.31 | E34: =1.8%*$G17 -> 49664.37 | F34: =0.6%*$G17 -> 16554.79 | G34: =0.6%*$G17 -> 16554.79
A35: Imposto de Renda de Pessoa Jurídica | B35: =22.5%*$G18 -> 5142221.3 | C35: =21.5%*$G18 -> 4913678.1 | E35: =1.8%*$G18 -> 411377.7 | F35: =0.6%*$G18 -> 137125.9 | G35: =0.6%*$G18 -> 137125.9
A36: Imposto de Renda Retido na Fonte | B36: =22.5%*$G19 -> 10448419 | C36: =21.5%*$G19 -> 9984044.6 | E36: =1.8%*$G19 -> 835873.5 | F36: =0.6%*$G19 -> 278624.5 | G36: =0.6%*$G19 -> 278624.5
A37: Multas e Juros (I.R.) | B37: =22.5%*$G20 -> 321951.41 | C37: =21.5%*($G20) -> 307642.46 | E37: =1.8%*($G20) -> 25756.113 | F37: =0.6%*($G20) -> 8585.3709 | G37: =0.6%*($G20) -> 8585.3709
A38: SUBTOTAL | B38: =SUM(B34:B37) -> 16533396 | C38: =SUM(C34:C37) -> 15798578 | E38: =SUM(E34:E37) -> 1322671.7 | F38: =SUM(F34:F37) -> 440890.56 | G38: =SUM(G34:G37) -> 440890.56
A39: Imposto sobre Produtos Industrializados | B39: =22.5%*$G22 -> 1413115.1 | C39: =21.5%*$G22 -> 1350310 | D39: =10%*$G22 -> 628051.17 | E39: =1.8%*$G22 -> 113049.21 | F39: =0.6%*$G22 -> 37683.07 | G39: =0.6%*$G22 -> 37683.07
A40: Multas e Juros (IPI) | B40: =22.5%*$G23 -> 23444.838 | C40: =21.5%*$G23 -> 22402.846 | D40: =10%*$G23 -> 10419.928 | E40: =1.8%*$G23 -> 1875.5871 | F40: =0.6%*$G23 -> 625.19569 | G40: =0.6%*$G23 -> 625.19569
A41: SUBTOTAL | B41: =22.5%*$G24 -> 1436560 | C41: =SUM(C39:C40) -> 1372712.9 | D41: =SUM(D39:D40) -> 638471.1 | E41: =SUM(E39:E40) -> 114924.8 | F41: =SUM(F39:F40) -> 38308.266 | G41: =SUM(G39:G40) -> 38308.266
A43: Retenção para transferência ao Fundeb (20%) | B43: =(B38+B41)*0.2 -> 3593991.2 | C43: =(C38+C41)*0.2 -> 3434258.3 | D43: =(D38+D41)*0.2 -> 127694.22
A45: TOTAL | B45: =B38+B41-B43 -> 14375965 | C45: =C38+C41-C43 -> 13737033 | D45: =D38+D41-D43 -> 510776.88 | E45: =E38+E41-E43 -> 1437596.5 | F45: =F38+F41-F43 -> 479198.83 | G45: =G38+G41-G43 -> 479198.83
A46: Observações:
A47: Receita classificada referente ao período de 21/03/2026 a 20/04/2026
A48: Na arrecadação bruta do IRPJ estão incluídos os incentivos fiscais e o PIN/PROTERRA.

Sheet MAI
A3: MINISTÉRIO DA FAZENDA - MF
A4: SECRETARIA DO TESOURO NACIONAL - STN
A5: COORDENAÇÃO-GERAL DE TRANSFERÊNCIAS INTERGOVERNAMENTAIS - COINT
A8: DEMONSTRATIVO DAS TRANSFERÊNCIAS DAS RECEITAS FEDERAIS AOS ESTADOS, DF E MUNICÍPIOS
A9: E AOS FUNDOS CONSTITUCIONAIS DO NORTE, NORDESTE E CENTRO-OESTE
A10: 46143
G11: R$ Mil
A12: RECEITAS | B12: DEMONSTRATIVO DA BASE DE CÁLCULO
B13: ARRECADAÇÃO | C13: DEDUÇÃO | D13: DEDUÇÃO | E13: INCENTIVOS | F13: RESTITUIÇÃO | G13: ARRECADAÇÃO
B14: BRUTA | C14: PIN | D14: PROTERRA | E14: FISCAIS | G14: LÍQUIDA
B15: (A) | C15: (B) | D15: (C) | E15: (D) | F15: (E) | G15: (F = A-B-C-D-E)
A17: Imposto de Renda de Pessoa Física | B17: 5415906 | C17: 0 | D17: 0 | E17: 0 | F17: 23756.128 | G17: =B17-C17-D17-E17-F17 -> 5392149.9
A18: Imposto de Renda de Pessoa Jurídica | B18: 44875506 | C18: 0 | D18: 0 | E18: 0 | F18: 4027295.2 | G18: =B18-C18-D18-E18-F18 -> 40848211
A19: Imposto de Renda Retido na Fonte | B19: 41900761 | C19: 0 | D19: 0 | E19: 0 | F19: 624881.26 | G19: =B19-C19-D19-E19-F19 -> 41275880
A20: Multas e Juros (I.R.) | B20: 1475168.4 | C20: 0 | D20: 0 | E20: 0 | F20: 158.67213 | G20: =B20-C20-D20-E20-F20 -> 1475009.8
A21: SUBTOTAL | B21: =SUM(B17:B20) -> 93667342 | C21: =SUM(C17:C20) -> 0 | D21: =SUM(D17:D20) -> 0 | E21: =SUM(E17:E20) -> 0 | F21: =SUM(F17:F20) -> 4676091.3 | G21: =SUM(G17:G20) -> 88991251
A22: Imposto sobre Produtos Industrializados | B22: 8096064.2 | C22: 0 | D22: 0 | E22: 0 | F22: 520991.33 | G22: =B22-C22-D22-E22-F22 -> 7575072.9
A23: Multas e Juros (IPI) | B23: 98046.858 | C23: 0 | D23: 0 | E23: 0 | F23: 583.5578 | G23: =B23-C23-D23-E23-F23 -> 97463.3
A24: SUBTOTAL | B24: =SUM(B22:B23) -> 8194111.1 | C24: =SUM(C22:C23) -> 0 | D24: =SUM(D22:D23) -> 0 | E24: =SUM(E22:E23) -> 0 | F24: =SUM(F22:F23) -> 521574.89 | G24: =SUM(G22:G23) -> 7672536.2
A26: TOTAL | B26: =SUM(B24,B21) -> 1.0186145e+08 | C26: =SUM(C24,C21) -> 0 | D26: =SUM(D24,D21) -> 0 | E26: =SUM(E24,E21) -> 0 | F26: =SUM(F24,F21) -> 5197666.2 | G26: =SUM(G24,G21) -> 96663787
G28: R$ Mil
A29: RECEITAS | B29: DEMONSTRATIVO DA BASE DE CÁLCULO
B30: MUNICÍPIOS | C30: ESTADOS | E30: REGIÕES
B31: FPM | C31: FPE | D31: IPI-EXP | E31: FNE | F31: FNO | G31: FCO
B32: (22,5% x (F)) | C32: (21,5% x (F)) | D32: (10% x (F)) | E32: (1,8% x (F)) | F32: (0,6% x (F)) | G32: (0,6% x (F))
A34: Imposto de Renda de Pessoa Física | B34: =22.5%*$G17 -> 1213233.7 | C34: =21.5%*$G17 -> 1159312.2 | E34: =1.8%*$G17 -> 97058.698 | F34: =0.6%*$G17 -> 32352.899 | G34: =0.6%*$G17 -> 32352.899
A35: Imposto de Renda de Pessoa Jurídica | B35: =22.5%*$G18 -> 9190847.5 | C35: =21.5%*$G18 -> 8782365.4 | E35: =1.8%*$G18 -> 735267.8 | F35: =0.6%*$G18 -> 245089.27 | G35: =0.6%*$G18 -> 245089.27
A36: Imposto de Renda Retido na Fonte | B36: =22.5%*$G19 -> 9287073 | C36: =21.5%*$G19 -> 8874314.2 | E36: =1.8%*$G19 -> 742965.84 | F36: =0.6%*$G19 -> 247655.28 | G36: =0.6%*$G19 -> 247655.28
A37: Multas e Juros (I.R.) | B37: =22.5%*$G20 -> 331877.2 | C37: =21.5%*($G20) -> 317127.1 | E37: =1.8%*($G20) -> 26550.176 | F37: =0.6%*($G20) -> 8850.0586 | G37: =0.6%*($G20) -> 8850.0586
A38: SUBTOTAL | B38: =SUM(B34:B37) -> 20023031 | C38: =SUM(C34:C37) -> 19133119 | E38: =SUM(E34:E37) -> 1601842.5 | F38: =SUM(F34:F37) -> 533947.5 | G38: =SUM(G34:G37) -> 533947.5
A39: Imposto sobre Produtos Industrializados | B39: =22.5%*$G22 -> 1704391.4 | C39: =21.5%*$G22 -> 1628640.7 | D39: =10%*$G22 -> 757507.29 | E39: =1.8%*$G22 -> 136351.31 | F39: =0.6%*$G22 -> 45450.438 | G39: =0.6%*$G22 -> 45450.438
A40: Multas e Juros (IPI) | B40: =22.5%*$G23 -> 21929.243 | C40: =21.5%*$G23 -> 20954.61 | D40: =10%*$G23 -> 9746.33 | E40: =1.8%*$G23 -> 1754.3394 | F40: =0.6%*$G23 -> 584.7798 | G40: =0.6%*$G23 -> 584.7798
A41: SUBTOTAL | B41: =22.5%*$G24 -> 1726320.6 | C41: =SUM(C39:C40) -> 1649595.3 | D41: =SUM(D39:D40) -> 767253.62 | E41: =SUM(E39:E40) -> 138105.65 | F41: =SUM(F39:F40) -> 46035.217 | G41: =SUM(G39:G40) -> 46035.217
A43: Retenção para transferência ao Fundeb (20%) | B43: =(B38+B41)*0.2 -> 4349870.4 | C43: =(C38+C41)*0.2 -> 4156542.8 | D43: =(D38+D41)*0.2 -> 153450.72
A45: TOTAL | B45: =B38+B41-B43 -> 17399482 | C45: =C38+C41-C43 -> 16626171 | D45: =D38+D41-D43 -> 613802.9 | E45: =E38+E41-E43 -> 1739948.2 | F45: =F38+F41-F43 -> 579982.72 | G45: =G38+G41-G43 -> 579982.72
A46: Observações:
A47: Receita classificada referente ao período de 21/04/2026 a 20/05/2026
A48: Na arrecadação bruta do IRPJ estão incluídos os incentivos fiscais e o PIN/PROTERRA.

Sheet JUN
A3: MINISTÉRIO DA FAZENDA - MF
A4: SECRETARIA DO TESOURO NACIONAL - STN
A5: COORDENAÇÃO-GERAL DE TRANSFERÊNCIAS INTERGOVERNAMENTAIS - COINT
A8: DEMONSTRATIVO DAS TRANSFERÊNCIAS DAS RECEITAS FEDERAIS AOS ESTADOS, DF E MUNICÍPIOS
A9: E AOS FUNDOS CONSTITUCIONAIS DO NORTE, NORDESTE E CENTRO-OESTE
A10: 46174
G11: R$ Mil
A12: RECEITAS | B12: DEMONSTRATIVO DA BASE DE CÁLCULO
B13: ARRECADAÇÃO | C13: DEDUÇÃO | D13: DEDUÇÃO | E13: INCENTIVOS | F13: RESTITUIÇÃO | G13: ARRECADAÇÃO
B14: BRUTA | C14: PIN | D14: PROTERRA | E14: FISCAIS | G14: LÍQUIDA
B15: (A) | C15: (B) | D15: (C) | E15: (D) | F15: (E) | G15: (F = A-B-C-D-E)
A17: Imposto de Renda de Pessoa Física | B17: 29322667 | C17: 0 | D17: 0 | E17: 0 | F17: 48432.944 | G17: =B17-C17-D17-E17-F17 -> 29274234
A18: Imposto de Renda de Pessoa Jurídica | B18: 21735050 | C18: 0 | D18: 0 | E18: 0 | F18: 4559761.2 | G18: =B18-C18-D18-E18-F18 -> 17175289
A19: Imposto de Renda Retido na Fonte | B19: 59532478 | C19: 0 | D19: 0 | E19: 0 | F19: 16096961 | G19: =B19-C19-D19-E19-F19 -> 43435517
A20: Multas e Juros (I.R.) | B20: 1713029.1 | C20: 0 | D20: 0 | E20: 0 | F20: 220.65004 | G20: =B20-C20-D20-E20-F20 -> 1712808.4
A21: SUBTOTAL | B21: =SUM(B17:B20) -> 1.1230322e+08 | C21: =SUM(C17:C20) -> 0 | D21: =SUM(D17:D20) -> 0 | E21: =SUM(E17:E20) -> 0 | F21: =SUM(F17:F20) -> 20705376 | G21: =SUM(G17:G20) -> 91597848
A22: Imposto sobre Produtos Industrializados | B22: 10227936 | C22: 0 | D22: 0 | E22: 0 | F22: 114868.84 | G22: =B22-C22-D22-E22-F22 -> 10113067
A23: Multas e Juros (IPI) | B23: 133216.73 | C23: 0 | D23: 0 | E23: 0 | F23: 0.43117 | G23: =B23-C23-D23-E23-F23 -> 133216.29
A24: SUBTOTAL | B24: =SUM(B22:B23) -> 10361152 | C24: =SUM(C22:C23) -> 0 | D24: =SUM(D22:D23) -> 0 | E24: =SUM(E22:E23) -> 0 | F24: =SUM(F22:F23) -> 114869.27 | G24: =SUM(G22:G23) -> 10246283
A26: TOTAL | B26: =SUM(B24,B21) -> 1.2266438e+08 | C26: =SUM(C24,C21) -> 0 | D26: =SUM(D24,D21) -> 0 | E26: =SUM(E24,E21) -> 0 | F26: =SUM(F24,F21) -> 20820245 | G26: =SUM(G24,G21) -> 1.0184413e+08
G28: R$ Mil
A29: RECEITAS | B29: DEMONSTRATIVO DA BASE DE CÁLCULO
B30: MUNICÍPIOS | C30: ESTADOS | E30: REGIÕES
B31: FPM | C31: FPE | D31: IPI-EXP | E31: FNE | F31: FNO | G31: FCO
B32: (22,5% x (F)) | C32: (21,5% x (F)) | D32: (10% x (F)) | E32: (1,8% x (F)) | F32: (0,6% x (F)) | G32: (0,6% x (F))
A34: Imposto de Renda de Pessoa Física | B34: =22.5%*$G17 -> 6586702.7 | C34: =21.5%*$G17 -> 6293960.3 | E34: =1.8%*$G17 -> 526936.21 | F34: =0.6%*$G17 -> 175645.4 | G34: =0.6%*$G17 -> 175645.4
A35: Imposto de Renda de Pessoa Jurídica | B35: =22.5%*$G18 -> 3864440 | C35: =21.5%*$G18 -> 3692687.1 | E35: =1.8%*$G18 -> 309155.2 | F35: =0.6%*$G18 -> 103051.73 | G35: =0.6%*$G18 -> 103051.73
A36: Imposto de Renda Retido na Fonte | B36: =22.5%*$G19 -> 9772991.2 | C36: =21.5%*$G19 -> 9338636.1 | E36: =1.8%*$G19 -> 781839.3 | F36: =0.6%*$G19 -> 260613.1 | G36: =0.6%*$G19 -> 260613.1
A37: Multas e Juros (I.R.) | B37: =22.5%*$G20 -> 385381.89 | C37: =21.5%*($G20) -> 368253.81 | E37: =1.8%*($G20) -> 30830.551 | F37: =0.6%*($G20) -> 10276.85 | G37: =0.6%*($G20) -> 10276.85
A38: SUBTOTAL | B38: =SUM(B34:B37) -> 20609516 | C38: =SUM(C34:C37) -> 19693537 | E38: =SUM(E34:E37) -> 1648761.3 | F38: =SUM(F34:F37) -> 549587.09 | G38: =SUM(G34:G37) -> 549587.09
A39: Imposto sobre Produtos Industrializados | B39: =22.5%*$G22 -> 2275440 | C39: =21.5%*$G22 -> 2174309.4 | D39: =10%*$G22 -> 1011306.7 | E39: =1.8%*$G22 -> 182035.2 | F39: =0.6%*$G22 -> 60678.401 | G39: =0.6%*$G22 -> 60678.401
A40: Multas e Juros (IPI) | B40: =22.5%*$G23 -> 29973.666 | C40: =21.5%*$G23 -> 28641.503 | D40: =10%*$G23 -> 13321.629 | E40: =1.8%*$G23 -> 2397.8933 | F40: =0.6%*$G23 -> 799.29776 | G40: =0.6%*$G23 -> 799.29776
A41: SUBTOTAL | B41: =22.5%*$G24 -> 2305413.7 | C41: =SUM(C39:C40) -> 2202950.9 | D41: =SUM(D39:D40) -> 1024628.3 | E41: =SUM(E39:E40) -> 184433.1 | F41: =SUM(F39:F40) -> 61477.699 | G41: =SUM(G39:G40) -> 61477.699
A43: Retenção para transferência ao Fundeb (20%) | B43: =(B38+B41)*0.2 -> 4582985.9 | C43: =(C38+C41)*0.2 -> 4379297.6 | D43: =(D38+D41)*0.2 -> 204925.66
A45: TOTAL | B45: =B38+B41-B43 -> 18331944 | C45: =C38+C41-C43 -> 17517191 | D45: =D38+D41-D43 -> 819702.65 | E45: =E38+E41-E43 -> 1833194.4 | F45: =F38+F41-F43 -> 611064.79 | G45: =G38+G41-G43 -> 611064.79
A46: Observações:
A47: Receita classificada referente ao período de 21/05/2026 a 20/06/2026
A48: Na arrecadação bruta do IRPJ estão incluídos os incentivos fiscais e o PIN/PROTERRA.

Sheet JUL
A3: MINISTÉRIO DA FAZENDA - MF
A4: SECRETARIA DO TESOURO NACIONAL - STN
A5: COORDENAÇÃO-GERAL DE TRANSFERÊNCIAS INTERGOVERNAMENTAIS - COINT
A8: DEMONSTRATIVO DAS TRANSFERÊNCIAS DAS RECEITAS FEDERAIS AOS ESTADOS, DF E MUNICÍPIOS
A9: E AOS FUNDOS CONSTITUCIONAIS DO NORTE, NORDESTE E CENTRO-OESTE
A10: 46204
G11: R$ Mil
A12: RECEITAS | B12: DEMONSTRATIVO DA BASE DE CÁLCULO
B13: ARRECADAÇÃO | C13: DEDUÇÃO | D13: DEDUÇÃO | E13: INCENTIVOS | F13: RESTITUIÇÃO | G13: ARRECADAÇÃO
B14: BRUTA | C14: PIN | D14: PROTERRA | E14: FISCAIS | G14: LÍQUIDA
B15: (A) | C15: (B) | D15: (C) | E15: (D) | F15: (E) | G15: (F = A-B-C-D-E)
A17: Imposto de Renda de Pessoa Física | B17: 6983986.9 | C17: 0 | D17: 0 | E17: 0 | F17: 32705.185 | G17: =B17-C17-D17-E17-F17 -> 6951281.7
A18: Imposto de Renda de Pessoa Jurídica | B18: 22943990 | C18: 0 | D18: 0 | E18: 651.20527 | F18: 4399803.2 | G18: =B18-C18-D18-E18-F18 -> 18543535
A19: Imposto de Renda Retido na Fonte | B19: 44610191 | C19: 0 | D19: 0 | E19: 0 | F19: 16568421 | G19: =B19-C19-D19-E19-F19 -> 28041770
A20: Multas e Juros (I.R.) | B20: 1281606.2 | C20: 0 | D20: 0 | E20: 0 | F20: 193.66531 | G20: =B20-C20-D20-E20-F20 -> 1281412.5
A21: SUBTOTAL | B21: =SUM(B17:B20) -> 75819774 | C21: =SUM(C17:C20) -> 0 | D21: =SUM(D17:D20) -> 0 | E21: =SUM(E17:E20) -> 651.20527 | F21: =SUM(F17:F20) -> 21001123 | G21: =SUM(G17:G20) -> 54817999
A22: Imposto sobre Produtos Industrializados | B22: 9596712.9 | C22: 0 | D22: 0 | E22: 0 | F22: 427472.75 | G22: =B22-C22-D22-E22-F22 -> 9169240.1
A23: Multas e Juros (IPI) | B23: 106122.65 | C23: 0 | D23: 0 | E23: 0 | F23: 0.06963 | G23: =B23-C23-D23-E23-F23 -> 106122.58
A24: SUBTOTAL | B24: =SUM(B22:B23) -> 9702835.5 | C24: =SUM(C22:C23) -> 0 | D24: =SUM(D22:D23) -> 0 | E24: =SUM(E22:E23) -> 0 | F24: =SUM(F22:F23) -> 427472.82 | G24: =SUM(G22:G23) -> 9275362.7
A26: TOTAL | B26: =SUM(B24,B21) -> 85522609 | C26: =SUM(C24,C21) -> 0 | D26: =SUM(D24,D21) -> 0 | E26: =SUM(E24,E21) -> 651.20527 | F26: =SUM(F24,F21) -> 21428596 | G26: =SUM(G24,G21) -> 64093362
G28: R$ Mil
A29: RECEITAS | B29: DEMONSTRATIVO DA BASE DE CÁLCULO
B30: MUNICÍPIOS | C30: ESTADOS | E30: REGIÕES
B31: FPM | C31: FPE | D31: IPI-EXP | E31: FNE | F31: FNO | G31: FCO
B32: (22,5% x (F)) | C32: (21,5% x (F)) | D32: (10% x (F)) | E32: (1,8% x (F)) | F32: (0,6% x (F)) | G32: (0,6% x (F))
A34: Imposto de Renda de Pessoa Física | B34: =22.5%*$G17 -> 1564038.4 | C34: =21.5%*$G17 -> 1494525.6 | E34: =1.8%*$G17 -> 125123.07 | F34: =0.6%*$G17 -> 41707.69 | G34: =0.6%*$G17 -> 41707.69
A35: Imposto de Renda de Pessoa Jurídica | B35: =22.5%*$G18 -> 4172295.5 | C35: =21.5%*$G18 -> 3986860.1 | E35: =1.8%*$G18 -> 333783.64 | F35: =0.6%*$G18 -> 111261.21 | G35: =0.6%*$G18 -> 111261.21
A36: Imposto de Renda Retido na Fonte | B36: =22.5%*$G19 -> 6309398.2 | C36: =21.5%*$G19 -> 6028980.5 | E36: =1.8%*$G19 -> 504751.85 | F36: =0.6%*$G19 -> 168250.62 | G36: =0.6%*$G19 -> 168250.62
A37: Multas e Juros (I.R.) | B37: =22.5%*$G20 -> 288317.81 | C37: =21.5%*($G20) -> 275503.69 | E37: =1.8%*($G20) -> 23065.425 | F37: =0.6%*($G20) -> 7688.475 | G37: =0.6%*($G20) -> 7688.475
A38: SUBTOTAL | B38: =SUM(B34:B37) -> 12334050 | C38: =SUM(C34:C37) -> 11785870 | E38: =SUM(E34:E37) -> 986723.99 | F38: =SUM(F34:F37) -> 328908 | G38: =SUM(G34:G37) -> 328908
A39: Imposto sobre Produtos Industrializados | B39: =22.5%*$G22 -> 2063079 | C39: =21.5%*$G22 -> 1971386.6 | D39: =10%*$G22 -> 916924.01 | E39: =1.8%*$G22 -> 165046.32 | F39: =0.6%*$G22 -> 55015.441 | G39: =0.6%*$G22 -> 55015.441
A40: Multas e Juros (IPI) | B40: =22.5%*$G23 -> 23877.581 | C40: =21.5%*$G23 -> 22816.355 | D40: =10%*$G23 -> 10612.258 | E40: =1.8%*$G23 -> 1910.2065 | F40: =0.6%*$G23 -> 636.7355 | G40: =0.6%*$G23 -> 636.7355
A41: SUBTOTAL | B41: =22.5%*$G24 -> 2086956.6 | C41: =SUM(C39:C40) -> 1994203 | D41: =SUM(D39:D40) -> 927536.27 | E41: =SUM(E39:E40) -> 166956.53 | F41: =SUM(F39:F40) -> 55652.176 | G41: =SUM(G39:G40) -> 55652.176
A43: Retenção para transferência ao Fundeb (20%) | B43: =(B38+B41)*0.2 -> 2884201.3 | C43: =(C38+C41)*0.2 -> 2756014.6 | D43: =(D38+D41)*0.2 -> 185507.25
A45: TOTAL | B45: =B38+B41-B43 -> 11536805 | C45: =C38+C41-C43 -> 11024058 | D45: =D38+D41-D43 -> 742029.02 | E45: =E38+E41-E43 -> 1153680.5 | F45: =F38+F41-F43 -> 384560.17 | G45: =G38+G41-G43 -> 384560.17
A46: Observações:
A47: Receita classificada referente ao período de 21/06/2026 a 20/07/2026
A48: Na arrecadação bruta do IRPJ estão incluídos os incentivos fiscais e o PIN/PROTERRA.
A53: EMENDA CONSTITUCIONAL 84/2014
A54: Arrecadação acumulada de julho/2025 a junho/2026.
H55: R$ MIL
A56: RECEITAS | B56: DEMONSTRATIVO DA BASE DE CÁLCULO
B57: ARRECADAÇÃO | C57: DEDUÇÃO | D57: DEDUÇÃO | E57: INCENTIVOS | F57: RESTITUIÇÃO | G57: ARRECADAÇÃO | H57: FPM - EC84/14
B58: BRUTA | C58: PIN | D58: PROTERRA | E58: FISCAIS | G58: LÍQUIDA
B59: (A) | C59: (B) | D59: (C) | E59: (D) | F59: (E) | G59: (F = A-B-C-D-E) | H59: (1% x F)
A61: Imposto de Renda de Pessoa Física | B61: 80118028 | C61: 0 | D61: 0 | E61: 0 | F61: 450687.04 | G61: 79667341 | H61: 796673.41
A62: Imposto de Renda de Pessoa Jurídica | B62: 3.6097361e+08 | C62: 0 | D62: 0 | E62: 1025.8229 | F62: 62561866 | G62: 2.9841072e+08 | H62: 2984107.2
A63: Imposto de Renda Retido na Fonte | B63: 5.5415984e+08 | C63: 0 | D63: 0 | E63: 0 | F63: 50420756 | G63: 5.0373909e+08 | H63: 5037390.9
A64: Multas e Juros (I.R.) | B64: 19003504 | C64: 0 | D64: 0 | E64: 0 | F64: 14251.255 | G64: 18989253 | H64: 189892.53
A65: SUBTOTAL | B65: =SUM(B61:B64) -> 1.014255e+09 | E65: =SUM(E61:E64) -> 1025.8229 | F65: =SUM(F61:F64) -> 1.1344756e+08 | G65: =SUM(G61:G64) -> 9.008064e+08 | H65: =SUM(H61:H64) -> 9008064
A66: Imposto sobre Produtos Industrializados | B66: 96209493 | C66: 0 | D66: 0 | E66: 0 | F66: 3694151.5 | G66: 92515342 | H66: 925153.42
A67: Multas e Juros (IPI) | B67: 1378449.4 | C67: 0 | D67: 0 | E67: 0 | F67: 6716.5273 | G67: 1371732.9 | H67: 13717.329
A68: SUBTOTAL | B68: =SUM(B66:B67) -> 97587943 | C68: =SUM(C66:C67) -> 0 | D68: =SUM(D66:D67) -> 0 | E68: =SUM(E66:E67) -> 0 | F68: =SUM(F66:F67) -> 3700868.1 | G68: =SUM(G66:G67) -> 93887075 | H68: =SUM(H66:H67) -> 938870.75
A69: TOTAL | B69: =B68+B65 -> 1.1118429e+09 | C69: =C68+C65 -> 0 | D69: =D68+D65 -> 0 | E69: =E68+E65 -> 1025.8229 | F69: =F68+F65 -> 1.1714843e+08 | G69: =G68+G65 -> 9.9469348e+08 | H69: =H68+H65 -> 9946934.8
A70: Observações:
A71: Receita classificada referente ao período de 01/07/2025 a 30/06/2026.
A72: Na arrecadação bruta do IRPJ estão incluídos os incentivos fiscais e o PIN/PROTERRA.
A73: Não incide dedução para o FUNDEB sobre este valor do FPM calculado acima
A74: Crédito efetuado em 10/07/2026.

Sheet AGO
A3: MINISTÉRIO DA FAZENDA - MF
A4: SECRETARIA DO TESOURO NACIONAL - STN
A5: COORDENAÇÃO-GERAL DE TRANSFERÊNCIAS INTERGOVERNAMENTAIS - COINT
A8: DEMONSTRATIVO DAS TRANSFERÊNCIAS DAS RECEITAS FEDERAIS AOS ESTADOS, DF E MUNICÍPIOS
A9: E AOS FUNDOS CONSTITUCIONAIS DO NORTE, NORDESTE E CENTRO-OESTE
A10: 46235
G11: R$ Mil
A12: RECEITAS | B12: DEMONSTRATIVO DA BASE DE CÁLCULO
B13: ARRECADAÇÃO | C13: DEDUÇÃO | D13: DEDUÇÃO | E13: INCENTIVOS | F13: RESTITUIÇÃO | G13: ARRECADAÇÃO
B14: BRUTA | C14: PIN | D14: PROTERRA | E14: FISCAIS | G14: LÍQUIDA
B15: (A) | C15: (B) | D15: (C) | E15: (D) | F15: (E) | G15: (F = A-B-C-D-E)
A17: Imposto de Renda de Pessoa Física | B17: 6660797.3 | C17: 0 | D17: 0 | E17: 0 | F17: 53986.971 | G17: =B17-C17-D17-E17-F17 -> 6606810.4
A18: Imposto de Renda de Pessoa Jurídica | B18: 41252476 | C18: 0 | D18: 0 | E18: 0 | F18: 7523950.8 | G18: =B18-C18-D18-E18-F18 -> 33728526
A19: Imposto de Renda Retido na Fonte | B19: 39341190 | C19: 0 | D19: 0 | E19: 0 | F19: 5217695 | G19: =B19-C19-D19-E19-F19 -> 34123495
A20: Multas e Juros (I.R.) | B20: 1503039.8 | C20: 0 | D20: 0 | E20: 0 | F20: 223.2335 | G20: =B20-C20-D20-E20-F20 -> 1502816.6
A21: SUBTOTAL | B21: =SUM(B17:B20) -> 88757504 | C21: =SUM(C17:C20) -> 0 | D21: =SUM(D17:D20) -> 0 | E21: =SUM(E17:E20) -> 0 | F21: =SUM(F17:F20) -> 12795856 | G21: =SUM(G17:G20) -> 75961648
A22: Imposto sobre Produtos Industrializados | B22: 10403203 | C22: 0 | D22: 0 | E22: 0 | F22: 519538.9 | G22: =B22-C22-D22-E22-F22 -> 9883664.5
A23: Multas e Juros (IPI) | B23: 108551.88 | C23: 0 | D23: 0 | E23: 0 | F23: 4528.8157 | G23: =B23-C23-D23-E23-F23 -> 104023.06
A24: SUBTOTAL | B24: =SUM(B22:B23) -> 10511755 | C24: =SUM(C22:C23) -> 0 | D24: =SUM(D22:D23) -> 0 | E24: =SUM(E22:E23) -> 0 | F24: =SUM(F22:F23) -> 524067.72 | G24: =SUM(G22:G23) -> 9987687.6
A26: TOTAL | B26: =SUM(B24,B21) -> 99269259 | C26: =SUM(C24,C21) -> 0 | D26: =SUM(D24,D21) -> 0 | E26: =SUM(E24,E21) -> 0 | F26: =SUM(F24,F21) -> 13319924 | G26: =SUM(G24,G21) -> 85949335
G28: R$ Mil
A29: RECEITAS | B29: DEMONSTRATIVO DA BASE DE CÁLCULO
B30: MUNICÍPIOS | C30: ESTADOS | E30: REGIÕES
B31: FPM | C31: FPE | D31: IPI-EXP | E31: FNE | F31: FNO | G31: FCO
B32: (22,5% x (F)) | C32: (21,5% x (F)) | D32: (10% x (F)) | E32: (1,8% x (F)) | F32: (0,6% x (F)) | G32: (0,6% x (F))
A34: Imposto de Renda de Pessoa Física | B34: =22.5%*$G17 -> 1486532.3 | C34: =21.5%*$G17 -> 1420464.2 | E34: =1.8%*$G17 -> 118922.59 | F34: =0.6%*$G17 -> 39640.862 | G34: =0.6%*$G17 -> 39640.862
A35: Imposto de Renda de Pessoa Jurídica | B35: =22.5%*$G18 -> 7588918.3 | C35: =21.5%*$G18 -> 7251633 | E35: =1.8%*$G18 -> 607113.46 | F35: =0.6%*$G18 -> 202371.15 | G35: =0.6%*$G18 -> 202371.15
A36: Imposto de Renda Retido na Fonte | B36: =22.5%*$G19 -> 7677786.5 | C36: =21.5%*$G19 -> 7336551.5 | E36: =1.8%*$G19 -> 614222.92 | F36: =0.6%*$G19 -> 204740.97 | G36: =0.6%*$G19 -> 204740.97
A37: Multas e Juros (I.R.) | B37: =22.5%*$G20 -> 338133.73 | C37: =21.5%*($G20) -> 323105.57 | E37: =1.8%*($G20) -> 27050.699 | F37: =0.6%*($G20) -> 9016.8995 | G37: =0.6%*($G20) -> 9016.8995
A38: SUBTOTAL | B38: =SUM(B34:B37) -> 17091371 | C38: =SUM(C34:C37) -> 16331754 | E38: =SUM(E34:E37) -> 1367309.7 | F38: =SUM(F34:F37) -> 455769.89 | G38: =SUM(G34:G37) -> 455769.89
A39: Imposto sobre Produtos Industrializados | B39: =22.5%*$G22 -> 2223824.5 | C39: =21.5%*$G22 -> 2124987.9 | D39: =10%*$G22 -> 988366.45 | E39: =1.8%*$G22 -> 177905.96 | F39: =0.6%*$G22 -> 59301.987 | G39: =0.6%*$G22 -> 59301.987
A40: Multas e Juros (IPI) | B40: =22.5%*$G23 -> 23405.189 | C40: =21.5%*$G23 -> 22364.959 | D40: =10%*$G23 -> 10402.306 | E40: =1.8%*$G23 -> 1872.4152 | F40: =0.6%*$G23 -> 624.13839 | G40: =0.6%*$G23 -> 624.13839
A41: SUBTOTAL | B41: =22.5%*$G24 -> 2247229.7 | C41: =SUM(C39:C40) -> 2147352.8 | D41: =SUM(D39:D40) -> 998768.76 | E41: =SUM(E39:E40) -> 179778.38 | F41: =SUM(F39:F40) -> 59926.125 | G41: =SUM(G39:G40) -> 59926.125
A43: Retenção para transferência ao Fundeb (20%) | B43: =(B38+B41)*0.2 -> 3867720.1 | C43: =(C38+C41)*0.2 -> 3695821.4 | D43: =(D38+D41)*0.2 -> 199753.75
A45: TOTAL | B45: =B38+B41-B43 -> 15470880 | C45: =C38+C41-C43 -> 14783286 | D45: =D38+D41-D43 -> 799015.01 | E45: =E38+E41-E43 -> 1547088 | F45: =F38+F41-F43 -> 515696.01 | G45: =G38+G41-G43 -> 515696.01
A46: Observações:
A47: Receita classificada referente ao período de 21/07/2026 a 20/08/2026
A48: Na arrecadação bruta do IRPJ estão incluídos os incentivos fiscais e o PIN/PROTERRA.

Sheet SET
A3: MINISTÉRIO DA FAZENDA - MF
A4: SECRETARIA DO TESOURO NACIONAL - STN
A5: COORDENAÇÃO-GERAL DE TRANSFERÊNCIAS INTERGOVERNAMENTAIS - COINT
A8: DEMONSTRATIVO DAS TRANSFERÊNCIAS DAS RECEITAS FEDERAIS AOS ESTADOS, DF E MUNICÍPIOS
A9: E AOS FUNDOS CONSTITUCIONAIS DO NORTE, NORDESTE E CENTRO-OESTE
A10: 46266
G11: R$ Mil
A12: RECEITAS | B12: DEMONSTRATIVO DA BASE DE CÁLCULO
B13: ARRECADAÇÃO | C13: DEDUÇÃO | D13: DEDUÇÃO | E13: INCENTIVOS | F13: RESTITUIÇÃO | G13: ARRECADAÇÃO
B14: BRUTA | C14: PIN | D14: PROTERRA | E14: FISCAIS | G14: LÍQUIDA
B15: (A) | C15: (B) | D15: (C) | E15: (D) | F15: (E) | G15: (F = A-B-C-D-E)
A17: Imposto de Renda de Pessoa Física | B17: 5784707.3 | C17: 0 | D17: 0 | E17: 0 | F17: 147629.99 | G17: =B17-C17-D17-E17-F17 -> 5637077.3
A18: Imposto de Renda de Pessoa Jurídica | B18: 30105744 | C18: 0 | D18: 0 | E18: 0 | F18: 17103038 | G18: =B18-C18-D18-E18-F18 -> 13002706
A19: Imposto de Renda Retido na Fonte | B19: 45184878 | C19: 0 | D19: 0 | E19: 0 | F19: 4619450.7 | G19: =B19-C19-D19-E19-F19 -> 40565427
A20: Multas e Juros (I.R.) | B20: 1422554.8 | C20: 0 | D20: 0 | E20: 0 | F20: 187.75657 | G20: =B20-C20-D20-E20-F20 -> 1422367
A21: SUBTOTAL | B21: =SUM(B17:B20) -> 82497883 | C21: =SUM(C17:C20) -> 0 | D21: =SUM(D17:D20) -> 0 | E21: =SUM(E17:E20) -> 0 | F21: =SUM(F17:F20) -> 21870306 | G21: =SUM(G17:G20) -> 60627577
A22: Imposto sobre Produtos Industrializados | B22: 8539225.7 | C22: 0 | D22: 0 | E22: 0 | F22: 516762.27 | G22: =B22-C22-D22-E22-F22 -> 8022463.4
A23: Multas e Juros (IPI) | B23: 108443.6 | C23: 0 | D23: 0 | E23: 0 | F23: 0.2142 | G23: =B23-C23-D23-E23-F23 -> 108443.39
A24: SUBTOTAL | B24: =SUM(B22:B23) -> 8647669.3 | C24: =SUM(C22:C23) -> 0 | D24: =SUM(D22:D23) -> 0 | E24: =SUM(E22:E23) -> 0 | F24: =SUM(F22:F23) -> 516762.49 | G24: =SUM(G22:G23) -> 8130906.8
A26: TOTAL | B26: =SUM(B24,B21) -> 91145553 | C26: =SUM(C24,C21) -> 0 | D26: =SUM(D24,D21) -> 0 | E26: =SUM(E24,E21) -> 0 | F26: =SUM(F24,F21) -> 22387069 | G26: =SUM(G24,G21) -> 68758484
G28: R$ Mil
A29: RECEITAS | B29: DEMONSTRATIVO DA BASE DE CÁLCULO
B30: MUNICÍPIOS | C30: ESTADOS | E30: REGIÕES
B31: FPM | C31: FPE | D31: IPI-EXP | E31: FNE | F31: FNO | G31: FCO
B32: (22,5% x (F)) | C32: (21,5% x (F)) | D32: (10% x (F)) | E32: (1,8% x (F)) | F32: (0,6% x (F)) | G32: (0,6% x (F))
A34: Imposto de Renda de Pessoa Física | B34: =22.5%*$G17 -> 1268342.4 | C34: =21.5%*$G17 -> 1211971.6 | E34: =1.8%*$G17 -> 101467.39 | F34: =0.6%*$G17 -> 33822.464 | G34: =0.6%*$G17 -> 33822.464
A35: Imposto de Renda de Pessoa Jurídica | B35: =22.5%*$G18 -> 2925608.8 | C35: =21.5%*$G18 -> 2795581.7 | E35: =1.8%*$G18 -> 234048.7 | F35: =0.6%*$G18 -> 78016.234 | G35: =0.6%*$G18 -> 78016.234
A36: Imposto de Renda Retido na Fonte | B36: =22.5%*$G19 -> 9127221.1 | C36: =21.5%*$G19 -> 8721566.8 | E36: =1.8%*$G19 -> 730177.69 | F36: =0.6%*$G19 -> 243392.56 | G36: =0.6%*$G19 -> 243392.56
A37: Multas e Juros (I.R.) | B37: =22.5%*$G20 -> 320032.58 | C37: =21.5%*($G20) -> 305808.91 | E37: =1.8%*($G20) -> 25602.606 | F37: =0.6%*($G20) -> 8534.2021 | G37: =0.6%*($G20) -> 8534.2021
A38: SUBTOTAL | B38: =SUM(B34:B37) -> 13641205 | C38: =SUM(C34:C37) -> 13034929 | E38: =SUM(E34:E37) -> 1091296.4 | F38: =SUM(F34:F37) -> 363765.46 | G38: =SUM(G34:G37) -> 363765.46
A39: Imposto sobre Produtos Industrializados | B39: =22.5%*$G22 -> 1805054.3 | C39: =21.5%*$G22 -> 1724829.6 | D39: =10%*$G22 -> 802246.34 | E39: =1.8%*$G22 -> 144404.34 | F39: =0.6%*$G22 -> 48134.781 | G39: =0.6%*$G22 -> 48134.781
A40: Multas e Juros (IPI) | B40: =22.5%*$G23 -> 24399.762 | C40: =21.5%*$G23 -> 23315.328 | D40: =10%*$G23 -> 10844.339 | E40: =1.8%*$G23 -> 1951.9809 | F40: =0.6%*$G23 -> 650.66031 | G40: =0.6%*$G23 -> 650.66031
A41: SUBTOTAL | B41: =22.5%*$G24 -> 1829454 | C41: =SUM(C39:C40) -> 1748145 | D41: =SUM(D39:D40) -> 813090.68 | E41: =SUM(E39:E40) -> 146356.32 | F41: =SUM(F39:F40) -> 48785.441 | G41: =SUM(G39:G40) -> 48785.441
A43: Retenção para transferência ao Fundeb (20%) | B43: =(B38+B41)*0.2 -> 3094131.8 | C43: =(C38+C41)*0.2 -> 2956614.8 | D43: =(D38+D41)*0.2 -> 162618.14
A45: TOTAL | B45: =B38+B41-B43 -> 12376527 | C45: =C38+C41-C43 -> 11826459 | D45: =D38+D41-D43 -> 650472.55 | E45: =E38+E41-E43 -> 1237652.7 | F45: =F38+F41-F43 -> 412550.9 | G45: =G38+G41-G43 -> 412550.9
A46: Observações:
A47: Receita classificada referente ao período de 21/08/2026 a 20/09/2026
A48: Na arrecadação bruta do IRPJ estão incluídos os incentivos fiscais e o PIN/PROTERRA.
A53: EMENDA CONSTITUCIONAL 112/2021
A54: Arrecadação acumulada de setembro/2025 até agosto/2026
H56: R$ Mil
A57: RECEITAS | B57: DEMONSTRATIVO DA BASE DE CÁLCULO
B58: ARRECADAÇÃO | C58: DEDUÇÃO | D58: DEDUÇÃO | E58: INCENTIVOS | F58: RESTITUIÇÃO | G58: ARRECADAÇÃO | H58: FPM - EC 112/21
B59: BRUTA | C59: PIN | D59: PROTERRA | E59: FISCAIS | G59: LÍQUIDA
B60: (A) | C60: (B) | D60: (C) | E60: (D) | F60: (E) | G60: (F = A-B-C-D-E) | H60: (1% x F)
A62: Imposto de Renda de Pessoa Física | B62: =SUM([2]RB!$F$207:$F$242)/1000 -> 81283639 | C62: 0 | D62: 0 | F62: =SUM([2]REST_COMP!$F$207:$F$242)/1000 -> 618241.88 | G62: =B62-C62-D62-E63-F62 -> 80664372 | H62: =G62*0.01 -> 806643.72
A63: Imposto de Renda de Pessoa Jurídica | B63: =SUM([2]RB!$G$207:$G$242)/1000 -> 3.6541224e+08 | C63: 0 | D63: 0 | E63: =SUM([2]INCENTIVOS!$L$207:$L$242)/1000 -> 1025.8229 | F63: =SUM([2]REST_COMP!$G$207:$G$242)/1000 -> 75321706 | G63: =B63-C63-D63-E64-F63 -> 2.9009053e+08 | H63: =G63*0.01 -> 2900905.3
A64: Imposto de Renda Retido na Fonte | B64: =SUM([2]RB!$H$207:$H$242)/1000 -> 5.6711877e+08 | C64: 0 | D64: 0 | E64: 0 | F64: =SUM([2]REST_COMP!$H$207:$H$242)/1000 -> 44194498 | G64: =B64-C64-D64-E64-F64 -> 5.2292427e+08 | H64: =G64*0.01 -> 5229242.7
A65: Multas e Juros (I.R.) | B65: =SUM([2]RB!$I$207:$I$242)/1000 -> 18528544 | C65: 0 | D65: 0 | E65: 0 | F65: =SUM([2]REST_COMP!$I$207:$I$242)/1000 -> 14409.152 | G65: =B65-C65-D65-E65-F65 -> 18514135 | H65: =G65*0.01 -> 185141.35
A66: SUBTOTAL | B66: =SUM(B62:B65) -> 1.0323432e+09 | C66: 0 | D66: 0 | E66: =SUM(E62:E65) -> 1025.8229 | F66: =SUM(F62:F65) -> 1.2014885e+08 | G66: =B66-C66-D66-E66-F66 -> 9.1219331e+08 | H66: =SUM(H62:H65) -> 9121933.1
A67: Imposto sobre Produtos Industrializados | B67: =SUM([2]RB!$K$207:$K$242)/1000 -> 1.0000932e+08 | C67: 0 | D67: 0 | E67: 0 | F67: =SUM([2]REST_COMP!$K$207:$K$242)/1000 -> 4263040.5 | G67: =B67-C67-D67-E67-F67 -> 95746282 | H67: =G67*0.01 -> 957462.82
A68: Multas e Juros (IPI) | B68: =SUM([2]RB!$L$207:$L$242)/1000 -> 1344789.6 | C68: 0 | D68: 0 | E68: 0 | F68: =SUM([2]REST_COMP!$L$207:$L$242)/1000 -> 10974.472 | G68: =B68-C68-D68-E68-F68 -> 1333815.1 | H68: =G68*0.01 -> 13338.151
A69: SUBTOTAL | B69: =SUM(B67:B68) -> 1.0135411e+08 | C69: 0 | D69: 0 | E69: =SUM(E67:E68) -> 0 | F69: =SUM(F67:F68) -> 4274015 | G69: =B69-C69-D69-E69-F69 -> 97080098 | H69: =SUM(H67:H68) -> 970800.98
A71: TOTAL | B71: =B69+B66 -> 1.1336973e+09 | C71: =C69+C66 -> 0 | D71: =D69+D66 -> 0 | E71: =E69+E66 -> 1025.8229 | F71: =F69+F66 -> 1.2442287e+08 | G71: =B71-C71-D71-E71-F71 -> 1.0092734e+09 | H71: =H69+H66 -> 10092734
A72: Observações:
A73: Receita classificada referente ao período de 01/09/2025 a 31/08/2026
A74: Na arrecadação bruta do IRPJ estão incluídos os incentivos fiscais e o PIN/PROTERRA.
A75: Não incide dedução para o FUNDEB sobre este valor do FPM calculado acima
A76: Crédito efetuado em 10/09/2026

Sheet OUT
A3: MINISTÉRIO DA FAZENDA - MF
A4: SECRETARIA DO TESOURO NACIONAL - STN
A5: COORDENAÇÃO-GERAL DE TRANSFERÊNCIAS INTERGOVERNAMENTAIS - COINT
A8: DEMONSTRATIVO DAS TRANSFERÊNCIAS DAS RECEITAS FEDERAIS AOS ESTADOS, DF E MUNICÍPIOS
A9: E AOS FUNDOS CONSTITUCIONAIS DO NORTE, NORDESTE E CENTRO-OESTE
A10: 46296
G11: R$ Mil
A12: RECEITAS | B12: DEMONSTRATIVO DA BASE DE CÁLCULO
B13: ARRECADAÇÃO | C13: DEDUÇÃO | D13: DEDUÇÃO | E13: INCENTIVOS | F13: RESTITUIÇÃO | G13: ARRECADAÇÃO
B14: BRUTA | C14: PIN | D14: PROTERRA | E14: FISCAIS | G14: LÍQUIDA
B15: (A) | C15: (B) | D15: (C) | E15: (D) | F15: (E) | G15: (F = A-B-C-D-E)
A17: Imposto de Renda de Pessoa Física | B17: 5388097.2 | C17: 0 | D17: 0 | E17: 0 | F17: 34129.589 | G17: =B17-C17-D17-E17-F17 -> 5353967.6
A18: Imposto de Renda de Pessoa Jurídica | B18: 20262794 | C18: 0 | D18: 0 | E18: 0 | F18: 7949085.1 | G18: =B18-C18-D18-E18-F18 -> 12313709
A19: Imposto de Renda Retido na Fonte | B19: 44179315 | C19: 0 | D19: 0 | E19: 0 | F19: 1299908.5 | G19: =B19-C19-D19-E19-F19 -> 42879407
A20: Multas e Juros (I.R.) | B20: 1394106.3 | C20: 0 | D20: 0 | E20: 0 | F20: 8569.0361 | G20: =B20-C20-D20-E20-F20 -> 1385537.2
A21: SUBTOTAL | B21: =SUM(B17:B20) -> 71224313 | C21: =SUM(C17:C20) -> 0 | D21: =SUM(D17:D20) -> 0 | E21: =SUM(E17:E20) -> 0 | F21: =SUM(F17:F20) -> 9291692.3 | G21: =SUM(G17:G20) -> 61932621
A22: Imposto sobre Produtos Industrializados | B22: 8072664.9 | C22: 0 | D22: 0 | E22: 0 | F22: 220536.51 | G22: =B22-C22-D22-E22-F22 -> 7852128.4
A23: Multas e Juros (IPI) | B23: 126639.46 | C23: 0 | D23: 0 | E23: 0 | F23: 0 | G23: =B23-C23-D23-E23-F23 -> 126639.46
A24: SUBTOTAL | B24: =SUM(B22:B23) -> 8199304.3 | C24: =SUM(C22:C23) -> 0 | D24: =SUM(D22:D23) -> 0 | E24: =SUM(E22:E23) -> 0 | F24: =SUM(F22:F23) -> 220536.51 | G24: =SUM(G22:G23) -> 7978767.8
A26: TOTAL | B26: =SUM(B24,B21) -> 79423617 | C26: =SUM(C24,C21) -> 0 | D26: =SUM(D24,D21) -> 0 | E26: =SUM(E24,E21) -> 0 | F26: =SUM(F24,F21) -> 9512228.8 | G26: =SUM(G24,G21) -> 69911388
G28: R$ Mil
A29: RECEITAS | B29: DEMONSTRATIVO DA BASE DE CÁLCULO
B30: MUNICÍPIOS | C30: ESTADOS | E30: REGIÕES
B31: FPM | C31: FPE | D31: IPI-EXP | E31: FNE | F31: FNO | G31: FCO
B32: (22,5% x (F)) | C32: (21,5% x (F)) | D32: (10% x (F)) | E32: (1,8% x (F)) | F32: (0,6% x (F)) | G32: (0,6% x (F))
A34: Imposto de Renda de Pessoa Física | B34: =22.5%*$G17 -> 1204642.7 | C34: =21.5%*$G17 -> 1151103 | E34: =1.8%*$G17 -> 96371.417 | F34: =0.6%*$G17 -> 32123.806 | G34: =0.6%*$G17 -> 32123.806
A35: Imposto de Renda de Pessoa Jurídica | B35: =22.5%*$G18 -> 2770584.5 | C35: =21.5%*$G18 -> 2647447.4 | E35: =1.8%*$G18 -> 221646.76 | F35: =0.6%*$G18 -> 73882.254 | G35: =0.6%*$G18 -> 73882.254
A36: Imposto de Renda Retido na Fonte | B36: =22.5%*$G19 -> 9647866.5 | C36: =21.5%*$G19 -> 9219072.5 | E36: =1.8%*$G19 -> 771829.32 | F36: =0.6%*$G19 -> 257276.44 | G36: =0.6%*$G19 -> 257276.44
A37: Multas e Juros (I.R.) | B37: =22.5%*$G20 -> 311745.88 | C37: =21.5%*($G20) -> 297890.51 | E37: =1.8%*($G20) -> 24939.67 | F37: =0.6%*($G20) -> 8313.2235 | G37: =0.6%*($G20) -> 8313.2235
A38: SUBTOTAL | B38: =SUM(B34:B37) -> 13934840 | C38: =SUM(C34:C37) -> 13315513 | E38: =SUM(E34:E37) -> 1114787.2 | F38: =SUM(F34:F37) -> 371595.72 | G38: =SUM(G34:G37) -> 371595.72
A39: Imposto sobre Produtos Industrializados | B39: =22.5%*$G22 -> 1766728.9 | C39: =21.5%*$G22 -> 1688207.6 | D39: =10%*$G22 -> 785212.84 | E39: =1.8%*$G22 -> 141338.31 | F39: =0.6%*$G22 -> 47112.77 | G39: =0.6%*$G22 -> 47112.77
A40: Multas e Juros (IPI) | B40: =22.5%*$G23 -> 28493.878 | C40: =21.5%*$G23 -> 27227.484 | D40: =10%*$G23 -> 12663.946 | E40: =1.8%*$G23 -> 2279.5103 | F40: =0.6%*$G23 -> 759.83676 | G40: =0.6%*$G23 -> 759.83676
A41: SUBTOTAL | B41: =22.5%*$G24 -> 1795222.8 | C41: =SUM(C39:C40) -> 1715435.1 | D41: =SUM(D39:D40) -> 797876.78 | E41: =SUM(E39:E40) -> 143617.82 | F41: =SUM(F39:F40) -> 47872.607 | G41: =SUM(G39:G40) -> 47872.607
A43: Retenção para transferência ao Fundeb (20%) | B43: =(B38+B41)*0.2 -> 3146012.5 | C43: =(C38+C41)*0.2 -> 3006189.7 | D43: =(D38+D41)*0.2 -> 159575.36
A45: TOTAL | B45: =B38+B41-B43 -> 12584050 | C45: =C38+C41-C43 -> 12024759 | D45: =D38+D41-D43 -> 638301.43 | E45: =E38+E41-E43 -> 1258405 | F45: =F38+F41-F43 -> 419468.33 | G45: =G38+G41-G43 -> 419468.33
A46: Observações:
A47: Receita classificada referente ao período de 21/09/2026 a 20/10/2026
A48: Na arrecadação bruta do IRPJ estão incluídos os incentivos fiscais e o PIN/PROTERRA.

Sheet NOV
A3: MINISTÉRIO DA FAZENDA - MF
A4: SECRETARIA DO TESOURO NACIONAL - STN
A5: COORDENAÇÃO-GERAL DE TRANSFERÊNCIAS INTERGOVERNAMENTAIS - COINT
A8: DEMONSTRATIVO DAS TRANSFERÊNCIAS DAS RECEITAS FEDERAIS AOS ESTADOS, DF E MUNICÍPIOS
A9: E AOS FUNDOS CONSTITUCIONAIS DO NORTE, NORDESTE E CENTRO-OESTE
A10: 46327
G11: R$ Mil
A12: RECEITAS | B12: DEMONSTRATIVO DA BASE DE CÁLCULO
B13: ARRECADAÇÃO | C13: DEDUÇÃO | D13: DEDUÇÃO | E13: INCENTIVOS | F13: RESTITUIÇÃO | G13: ARRECADAÇÃO
B14: BRUTA | C14: PIN | D14: PROTERRA | E14: FISCAIS | G14: LÍQUIDA
B15: (A) | C15: (B) | D15: (C) | E15: (D) | F15: (E) | G15: (F = A-B-C-D-E)
A17: Imposto de Renda de Pessoa Física | G17: =B17-C17-D17-E17-F17 -> 0
A18: Imposto de Renda de Pessoa Jurídica | G18: =B18-C18-D18-E18-F18 -> 0
A19: Imposto de Renda Retido na Fonte | G19: =B19-C19-D19-E19-F19 -> 0
A20: Multas e Juros (I.R.) | G20: =B20-C20-D20-E20-F20 -> 0
A21: SUBTOTAL | B21: =SUM(B17:B20) -> 0 | C21: =SUM(C17:C20) -> 0 | D21: =SUM(D17:D20) -> 0 | E21: =SUM(E17:E20) -> 0 | F21: =SUM(F17:F20) -> 0 | G21: =SUM(G17:G20) -> 0
A22: Imposto sobre Produtos Industrializados | G22: =B22-C22-D22-E22-F22 -> 0
A23: Multas e Juros (IPI) | G23: =B23-C23-D23-E23-F23 -> 0
A24: SUBTOTAL | B24: =SUM(B22:B23) -> 0 | C24: =SUM(C22:C23) -> 0 | D24: =SUM(D22:D23) -> 0 | E24: =SUM(E22:E23) -> 0 | F24: =SUM(F22:F23) -> 0 | G24: =SUM(G22:G23) -> 0
A26: TOTAL | B26: =SUM(B24,B21) -> 0 | C26: =SUM(C24,C21) -> 0 | D26: =SUM(D24,D21) -> 0 | E26: =SUM(E24,E21) -> 0 | F26: =SUM(F24,F21) -> 0 | G26: =SUM(G24,G21) -> 0
G28: R$ Mil
A29: RECEITAS | B29: DEMONSTRATIVO DA BASE DE CÁLCULO
B30: MUNICÍPIOS | C30: ESTADOS | E30: REGIÕES
B31: FPM | C31: FPE | D31: IPI-EXP | E31: FNE | F31: FNO | G31: FCO
B32: (22,5% x (F)) | C32: (21,5% x (F)) | D32: (10% x (F)) | E32: (1,8% x (F)) | F32: (0,6% x (F)) | G32: (0,6% x (F))
A34: Imposto de Renda de Pessoa Física | B34: =22.5%*$G17 -> 0 | C34: =21.5%*$G17 -> 0 | E34: =1.8%*$G17 -> 0 | F34: =0.6%*$G17 -> 0 | G34: =0.6%*$G17 -> 0
A35: Imposto de Renda de Pessoa Jurídica | B35: =22.5%*$G18 -> 0 | C35: =21.5%*$G18 -> 0 | E35: =1.8%*$G18 -> 0 | F35: =0.6%*$G18 -> 0 | G35: =0.6%*$G18 -> 0
A36: Imposto de Renda Retido na Fonte | B36: =22.5%*$G19 -> 0 | C36: =21.5%*$G19 -> 0 | E36: =1.8%*$G19 -> 0 | F36: =0.6%*$G19 -> 0 | G36: =0.6%*$G19 -> 0
A37: Multas e Juros (I.R.) | B37: =22.5%*$G20 -> 0 | C37: =21.5%*($G20) -> 0 | E37: =1.8%*($G20) -> 0 | F37: =0.6%*($G20) -> 0 | G37: =0.6%*($G20) -> 0
A38: SUBTOTAL | B38: =SUM(B34:B37) -> 0 | C38: =SUM(C34:C37) -> 0 | E38: =SUM(E34:E37) -> 0 | F38: =SUM(F34:F37) -> 0 | G38: =SUM(G34:G37) -> 0
A39: Imposto sobre Produtos Industrializados | B39: =22.5%*$G22 -> 0 | C39: =21.5%*$G22 -> 0 | D39: =10%*$G22 -> 0 | E39: =1.8%*$G22 -> 0 | F39: =0.6%*$G22 -> 0 | G39: =0.6%*$G22 -> 0
A40: Multas e Juros (IPI) | B40: =22.5%*$G23 -> 0 | C40: =21.5%*$G23 -> 0 | D40: =10%*$G23 -> 0 | E40: =1.8%*$G23 -> 0 | F40: =0.6%*$G23 -> 0 | G40: =0.6%*$G23 -> 0
A41: SUBTOTAL | B41: =22.5%*$G24 -> 0 | C41: =SUM(C39:C40) -> 0 | D41: =SUM(D39:D40) -> 0 | E41: =SUM(E39:E40) -> 0 | F41: =SUM(F39:F40) -> 0 | G41: =SUM(G39:G40) -> 0
A43: Retenção para transferência ao Fundeb (20%) | B43: =(B38+B41)*0.2 -> 0 | C43: =(C38+C41)*0.2 -> 0 | D43: =(D38+D41)*0.2 -> 0
A45: TOTAL | B45: =B38+B41-B43 -> 0 | C45: =C38+C41-C43 -> 0 | D45: =D38+D41-D43 -> 0 | E45: =E38+E41-E43 -> 0 | F45: =F38+F41-F43 -> 0 | G45: =G38+G41-G43 -> 0
A46: Observações:
A47: Receita classificada referente ao período de 21/10/2026 a 20/11/2026
A48: Na arrecadação bruta do IRPJ estão incluídos os incentivos fiscais e o PIN/PROTERRA.

Sheet DEZ
A3: MINISTÉRIO DA FAZENDA - MF
A4: SECRETARIA DO TESOURO NACIONAL - STN
A5: COORDENAÇÃO-GERAL DE TRANSFERÊNCIAS INTERGOVERNAMENTAIS - COINT
A8: DEMONSTRATIVO DAS TRANSFERÊNCIAS DAS RECEITAS FEDERAIS AOS ESTADOS, DF E MUNICÍPIOS
A9: E AOS FUNDOS CONSTITUCIONAIS DO NORTE, NORDESTE E CENTRO-OESTE
A10: 46357
G11: R$ Mil
A12: RECEITAS | B12: DEMONSTRATIVO DA BASE DE CÁLCULO
B13: ARRECADAÇÃO | C13: DEDUÇÃO | D13: DEDUÇÃO | E13: INCENTIVOS | F13: RESTITUIÇÃO | G13: ARRECADAÇÃO
B14: BRUTA | C14: PIN | D14: PROTERRA | E14: FISCAIS | G14: LÍQUIDA
B15: (A) | C15: (B) | D15: (C) | E15: (D) | F15: (E) | G15: (F = A-B-C-D-E)
A17: Imposto de Renda de Pessoa Física | G17: =B17-C17-D17-E17-F17 -> 0
A18: Imposto de Renda de Pessoa Jurídica | G18: =B18-C18-D18-E18-F18 -> 0
A19: Imposto de Renda Retido na Fonte | G19: =B19-C19-D19-E19-F19 -> 0
A20: Multas e Juros (I.R.)* | G20: =B20-C20-D20-E20-F20 -> 0
A21: SUBTOTAL | B21: =SUM(B17:B20) -> 0 | C21: =SUM(C17:C20) -> 0 | D21: =SUM(D17:D20) -> 0 | E21: =SUM(E17:E20) -> 0 | F21: =SUM(F17:F20) -> 0 | G21: =SUM(G17:G20) -> 0
A22: Imposto sobre Produtos Industrializados | G22: =B22-C22-D22-E22-F22 -> 0
A23: Multas e Juros (IPI) | G23: =B23-C23-D23-E23-F23 -> 0
A24: SUBTOTAL | B24: =SUM(B22:B23) -> 0 | C24: =SUM(C22:C23) -> 0 | D24: =SUM(D22:D23) -> 0 | E24: =SUM(E22:E23) -> 0 | F24: =SUM(F22:F23) -> 0 | G24: =SUM(G22:G23) -> 0
A26: TOTAL | B26: =SUM(B24,B21) -> 0 | C26: =SUM(C24,C21) -> 0 | D26: =SUM(D24,D21) -> 0 | E26: =SUM(E24,E21) -> 0 | F26: =SUM(F24,F21) -> 0 | G26: =SUM(G24,G21) -> 0
G28: R$ Mil
A29: RECEITAS | B29: DEMONSTRATIVO DA BASE DE CÁLCULO
B30: MUNICÍPIOS | C30: ESTADOS | E30: REGIÕES
B31: FPM | C31: FPE | D31: IPI-EXP | E31: FNE | F31: FNO | G31: FCO
B32: (22,5% x (F)) | C32: (21,5% x (F)) | D32: (10% x (F)) | E32: (1,8% x (F)) | F32: (0,6% x (F)) | G32: (0,6% x (F))
A34: Imposto de Renda de Pessoa Física | B34: =22.5%*$G17 -> 0 | C34: =21.5%*$G17 -> 0 | E34: =1.8%*$G17 -> 0 | F34: =0.6%*$G17 -> 0 | G34: =0.6%*$G17 -> 0
A35: Imposto de Renda de Pessoa Jurídica | B35: =22.5%*$G18 -> 0 | C35: =21.5%*$G18 -> 0 | E35: =1.8%*$G18 -> 0 | F35: =0.6%*$G18 -> 0 | G35: =0.6%*$G18 -> 0
A36: Imposto de Renda Retido na Fonte | B36: =22.5%*$G19 -> 0 | C36: =21.5%*$G19 -> 0 | E36: =1.8%*$G19 -> 0 | F36: =0.6%*$G19 -> 0 | G36: =0.6%*$G19 -> 0
A37: Multas e Juros (I.R.) | B37: =22.5%*$G20 -> 0 | C37: =21.5%*($G20) -> 0 | E37: =1.8%*($G20) -> 0 | F37: =0.6%*($G20) -> 0 | G37: =0.6%*($G20) -> 0
A38: SUBTOTAL | B38: =SUM(B34:B37) -> 0 | C38: =SUM(C34:C37) -> 0 | E38: =SUM(E34:E37) -> 0 | F38: =SUM(F34:F37) -> 0 | G38: =SUM(G34:G37) -> 0
A39: Imposto sobre Produtos Industrializados | B39: =22.5%*$G22 -> 0 | C39: =21.5%*$G22 -> 0 | D39: =10%*$G22 -> 0 | E39: =1.8%*$G22 -> 0 | F39: =0.6%*$G22 -> 0 | G39: =0.6%*$G22 -> 0
A40: Multas e Juros (IPI) | B40: =22.5%*$G23 -> 0 | C40: =21.5%*$G23 -> 0 | D40: =10%*$G23 -> 0 | E40: =1.8%*$G23 -> 0 | F40: =0.6%*$G23 -> 0 | G40: =0.6%*$G23 -> 0
A41: SUBTOTAL | B41: =22.5%*$G24 -> 0 | C41: =SUM(C39:C40) -> 0 | D41: =SUM(D39:D40) -> 0 | E41: =SUM(E39:E40) -> 0 | F41: =SUM(F39:F40) -> 0 | G41: =SUM(G39:G40) -> 0
A43: Retenção para transferência ao Fundeb (20%) | B43: =(B38+B41)*0.2 -> 0 | C43: =(C38+C41)*0.2 -> 0 | D43: =(D38+D41)*0.2 -> 0
A45: TOTAL | B45: =B38+B41-B43 -> 0 | C45: =C38+C41-C43 -> 0 | D45: =D38+D41-D43 -> 0 | E45: =E38+E41-E43 -> 0 | F45: =F38+F41-F43 -> 0 | G45: =G38+G41-G43 -> 0
A46: Observações:
A47: Receita classificada referente ao período de 21/11/2026 a 20/12/2026
A48: Na arrecadação bruta do IRPJ estão incluídos os incentivos fiscais e o PIN/PROTERRA.
A53: EMENDA CONSTITUCIONAL 55/2007
A54: Arrecadação acumulada de dezembro/2025 até novembro/2026.
H55: R$ MIL
A56: RECEITAS | B56: DEMONSTRATIVO DA BASE DE CÁLCULO
B57: ARRECADAÇÃO | C57: DEDUÇÃO | D57: DEDUÇÃO | E57: INCENTIVOS | F57: RESTITUIÇÃO | G57: ARRECADAÇÃO | H57: MUNICÍPIOS
B58: BRUTA | C58: PIN | D58: PROTERRA | E58: FISCAIS | G58: LÍQUIDA | H58: FPM - EC55/07
B59: (A) | C59: (B) | D59: (C) | E59: (D) | F59: (E) | G59: (F = A-B-C-D-E) | H59: (1% x F)
A61: Imposto de Renda de Pessoa Física
A62: Imposto de Renda de Pessoa Jurídica
A63: Imposto de Renda Retido na Fonte
A64: Multas e Juros (I.R.)
A65: SUBTOTAL
A66: Imposto sobre Produtos Industrializados
A67: Multas e Juros (IPI)
A68: SUBTOTAL
A70: TOTAL RECEITAS
A71: Observações:
A72: Receita classificada referente ao período de 01/12/2025 a 30/11/2026
A73: Na arrecadação bruta do IRPJ estão incluídos os incentivos fiscais e o PIN/PROTERRA.
... A75: Crédito efetuado em 10/12/2026

Sheet 2026 Acumulado
A3: MINISTÉRIO DA FAZENDA - MF
A4: SECRETARIA DO TESOURO NACIONAL - STN
A5: COORDENAÇÃO-GERAL DE TRANSFERÊNCIAS INTERGOVERNAMENTAIS - COINT
A8: DEMONSTRATIVO DAS TRANSFERÊNCIAS DAS RECEITAS FEDERAIS AOS ESTADOS, DF E MUNICÍPIOS
A9: E AOS FUNDOS CONSTITUCIONAIS DO NORTE, NORDESTE E CENTRO-OESTE
A10: 2026
G11: R$ Mil
A12: RECEITAS | B12: DEMONSTRATIVO DA BASE DE CÁLCULO
B13: ARRECADAÇÃO | C13: DEDUÇÃO | D13: DEDUÇÃO | E13: INCENTIVOS | F13: RESTITUIÇÃO | G13: ARRECADAÇÃO
B14: BRUTA | C14: PIN | D14: PROTERRA | E14: FISCAIS | G14: LÍQUIDA
B15: (A) | C15: (B) | D15: (C) | E15: (D) | F15: (E) | G15: (F = A-B-C-D-E)
A17: Imposto de Renda de Pessoa Física | B17: =JAN!B17+FEV!B17+MAR!B17+ABR!B17+MAI!B17+JUN!B17+JUL!B17+AGO!B17+SET!B17+OUT!B17+NOV!B17+DEZ!B17 -> 71424795 | C17: =JAN!C17+FEV!C17+MAR!C17+ABR!C17+MAI!C17+JUN!C17+JUL!C17+AGO!C17+SET!C17+OUT!C17+NOV!C17+DEZ!C17 -> 0 | D17: =JAN!D17+FEV!D17+MAR!D17+ABR!D17+MAI!D17+JUN!D17+JUL!D17+AGO!D17+SET!D17+OUT!D17+NOV!D17+DEZ!D17 -> 0 | E17: =JAN!E17+FEV!E17+MAR!E17+ABR!E17+MAI!E17+JUN!E17+JUL!E17+AGO!E17+SET!E17+OUT!E17+NOV!E17+DEZ!E17 -> 0 | F17: =JAN!F17+FEV!F17+MAR!F17+ABR!F17+MAI!F17+JUN!F17+JUL!F17+AGO!F17+SET!F17+OUT!F17+NOV!F17+DEZ!F17 -> 500278.17 | G17: =JAN!G17+FEV!G17+MAR!G17+ABR!G17+MAI!G17+JUN!G17+JUL!G17+AGO!G17+SET!G17+OUT!G17+NOV!G17+DEZ!G17 -> 70924517
A18: Imposto de Renda de Pessoa Jurídica | B18: =JAN!B18+FEV!B18+MAR!B18+ABR!B18+MAI!B18+JUN!B18+JUL!B18+AGO!B18+SET!B18+OUT!B18+NOV!B18+DEZ!B18 -> 3.1138097e+08 | C18: =JAN!C18+FEV!C18+MAR!C18+ABR!C18+MAI!C18+JUN!C18+JUL!C18+AGO!C18+SET!C18+OUT!C18+NOV!C18+DEZ!C18 -> 0 | D18: =JAN!D18+FEV!D18+MAR!D18+ABR!D18+MAI!D18+JUN!D18+JUL!D18+AGO!D18+SET!D18+OUT!D18+NOV!D18+DEZ!D18 -> 0 | E18: =JAN!E18+FEV!E18+MAR!E18+ABR!E18+MAI!E18+JUN!E18+JUL!E18+AGO!E18+SET!E18+OUT!E18+NOV!E18+DEZ!E18 -> 1025.8229 | F18: =JAN!F18+FEV!F18+MAR!F18+ABR!F18+MAI!F18+JUN!F18+JUL!F18+AGO!F18+SET!F18+OUT!F18+NOV!F18+DEZ!F18 -> 63821145 | G18: =JAN!G18+FEV!G18+MAR!G18+ABR!G18+MAI!G18+JUN!G18+JUL!G18+AGO!G18+SET!G18+OUT!G18+NOV!G18+DEZ!G18 -> 2.475588e+08
A19: Imposto de Renda Retido na Fonte | B19: =JAN!B19+FEV!B19+MAR!B19+ABR!B19+MAI!B19+JUN!B19+JUL!B19+AGO!B19+SET!B19+OUT!B19+NOV!B19+DEZ!B19 -> 4.6831866e+08 | C19: =JAN!C19+FEV!C19+MAR!C19+ABR!C19+MAI!C19+JUN!C19+JUL!C19+AGO!C19+SET!C19+OUT!C19+NOV!C19+DEZ!C19 -> 0 | D19: =JAN!D19+FEV!D19+MAR!D19+ABR!D19+MAI!D19+JUN!D19+JUL!D19+AGO!D19+SET!D19+OUT!D19+NOV!D19+DEZ!D19 -> 0 | E19: =JAN!E19+FEV!E19+MAR!E19+ABR!E19+MAI!E19+JUN!E19+JUL!E19+AGO!E19+SET!E19+OUT!E19+NOV!E19+DEZ!E19 -> 0 | F19: =JAN!F19+FEV!F19+MAR!F19+ABR!F19+MAI!F19+JUN!F19+JUL!F19+AGO!F19+SET!F19+OUT!F19+NOV!F19+DEZ!F19 -> 46592450 | G19: =JAN!G19+FEV!G19+MAR!G19+ABR!G19+MAI!G19+JUN!G19+JUL!G19+AGO!G19+SET!G19+OUT!G19+NOV!G19+DEZ!G19 -> 4.2172621e+08
A20: Multas e Juros (I.R.) | B20: =JAN!B20+FEV!B20+MAR!B20+ABR!B20+MAI!B20+JUN!B20+JUL!B20+AGO!B20+SET!B20+OUT!B20+NOV!B20+DEZ!B20 -> 14586956 | C20: =JAN!C20+FEV!C20+MAR!C20+ABR!C20+MAI!C20+JUN!C20+JUL!C20+AGO!C20+SET!C20+OUT!C20+NOV!C20+DEZ!C20 -> 0 | D20: =JAN!D20+FEV!D20+MAR!D20+ABR!D20+MAI!D20+JUN!D20+JUL!D20+AGO!D20+SET!D20+OUT!D20+NOV!D20+DEZ!D20 -> 0 | E20: =JAN!E20+FEV!E20+MAR!E20+ABR!E20+MAI!E20+JUN!E20+JUL!E20+AGO!E20+SET!E20+OUT!E20+NOV!E20+DEZ!E20 -> 0 | F20: =JAN!F20+FEV!F20+MAR!F20+ABR!F20+MAI!F20+JUN!F20+JUL!F20+AGO!F20+SET!F20+OUT!F20+NOV!F20+DEZ!F20 -> 20472.093 | G20: =JAN!G20+FEV!G20+MAR!G20+ABR!G20+MAI!G20+JUN!G20+JUL!G20+AGO!G20+SET!G20+OUT!G20+NOV!G20+DEZ!G20 -> 14566484
A21: SUBTOTAL | B21: =SUM(B17:B20) -> 8.6571138e+08 | C21: =SUM(C17:C20) -> 0 | D21: =SUM(D17:D20) -> 0 | E21: =SUM(E17:E20) -> 1025.8229 | F21: =SUM(F17:F20) -> 1.1093435e+08 | G21: =JAN!G21+FEV!G21+MAR!G21+ABR!G21+MAI!G21+JUN!G21+JUL!G21+AGO!G21+SET!G21+OUT!G21+NOV!G21+DEZ!G21 -> 7.5477601e+08
A22: Imposto sobre Produtos Industrializados | B22: =JAN!B22+FEV!B22+MAR!B22+ABR!B22+MAI!B22+JUN!B22+JUL!B22+AGO!B22+SET!B22+OUT!B22+NOV!B22+DEZ!B22 -> 84093886 | C22: =JAN!C22+FEV!C22+MAR!C22+ABR!C22+MAI!C22+JUN!C22+JUL!C22+AGO!C22+SET!C22+OUT!C22+NOV!C22+DEZ!C22 -> 0 | D22: =JAN!D22+FEV!D22+MAR!D22+ABR!D22+MAI!D22+JUN!D22+JUL!D22+AGO!D22+SET!D22+OUT!D22+NOV!D22+DEZ!D22 -> 0 | E22: =JAN!E22+FEV!E22+MAR!E22+ABR!E22+MAI!E22+JUN!E22+JUL!E22+AGO!E22+SET!E22+OUT!E22+NOV!E22+DEZ!E22 -> 0 | F22: =JAN!F22+FEV!F22+MAR!F22+ABR!F22+MAI!F22+JUN!F22+JUL!F22+AGO!F22+SET!F22+OUT!F22+NOV!F22+DEZ!F22 -> 3955394.7 | G22: =JAN!G22+FEV!G22+MAR!G22+ABR!G22+MAI!G22+JUN!G22+JUL!G22+AGO!G22+SET!G22+OUT!G22+NOV!G22+DEZ!G22 -> 80138491
A23: Multas e Juros (IPI) | B23: =JAN!B23+FEV!B23+MAR!B23+ABR!B23+MAI!B23+JUN!B23+JUL!B23+AGO!B23+SET!B23+OUT!B23+NOV!B23+DEZ!B23 -> 1124674.5 | C23: =JAN!C23+FEV!C23+MAR!C23+ABR!C23+MAI!C23+JUN!C23+JUL!C23+AGO!C23+SET!C23+OUT!C23+NOV!C23+DEZ!C23 -> 0 | D23: =JAN!D23+FEV!D23+MAR!D23+ABR!D23+MAI!D23+JUN!D23+JUL!D23+AGO!D23+SET!D23+OUT!D23+NOV!D23+DEZ!D23 -> 0 | E23: =JAN!E23+FEV!E23+MAR!E23+ABR!E23+MAI!E23+JUN!E23+JUL!E23+AGO!E23+SET!E23+OUT!E23+NOV!E23+DEZ!E23 -> 0 | F23: =JAN!F23+FEV!F23+MAR!F23+ABR!F23+MAI!F23+JUN!F23+JUL!F23+AGO!F23+SET!F23+OUT!F23+NOV!F23+DEZ!F23 -> 10105.902 | G23: =JAN!G23+FEV!G23+MAR!G23+ABR!G23+MAI!G23+JUN!G23+JUL!G23+AGO!G23+SET!G23+OUT!G23+NOV!G23+DEZ!G23 -> 1114568.6
A24: SUBTOTAL | B24: =SUM(B22:B23) -> 85218561 | C24: =JAN!C24+FEV!C24+MAR!C24+ABR!C24+MAI!C24+JUN!C24+JUL!C24+AGO!C24+SET!C24+OUT!C24+NOV!C24+DEZ!C24 -> 0 | D24: =JAN!D24+FEV!D24+MAR!D24+ABR!D24+MAI!D24+JUN!D24+JUL!D24+AGO!D24+SET!D24+OUT!D24+NOV!D24+DEZ!D24 -> 0 | E24: =JAN!E24+FEV!E24+MAR!E24+ABR!E24+MAI!E24+JUN!E24+JUL!E24+AGO!E24+SET!E24+OUT!E24+NOV!E24+DEZ!E24 -> 0 | F24: =JAN!F24+FEV!F24+MAR!F24+ABR!F24+MAI!F24+JUN!F24+JUL!F24+AGO!F24+SET!F24+OUT!F24+NOV!F24+DEZ!F24 -> 3965500.6 | G24: =JAN!G24+FEV!G24+MAR!G24+ABR!G24+MAI!G24+JUN!G24+JUL!G24+AGO!G24+SET!G24+OUT!G24+NOV!G24+DEZ!G24 -> 81253060
B25: =JAN!B25+FEV!B25+MAR!B25+ABR!B25+MAI!B25+JUN!B25+JUL!B25+AGO!B25+SET!B25+OUT!B25+NOV!B25+DEZ!B25 -> 0 | C25: =JAN!C25+FEV!C25+MAR!C25+ABR!C25+MAI!C25+JUN!C25+JUL!C25+AGO!C25+SET!C25+OUT!C25+NOV!C25+DEZ!C25 -> 0 | D25: =JAN!D25+FEV!D25+MAR!D25+ABR!D25+MAI!D25+JUN!D25+JUL!D25+AGO!D25+SET!D25+OUT!D25+NOV!D25+DEZ!D25 -> 0 | E25: =JAN!E25+FEV!E25+MAR!E25+ABR!E25+MAI!E25+JUN!E25+JUL!E25+AGO!E25+SET!E25+OUT!E25+NOV!E25+DEZ!E25 -> 0 | F25: =JAN!F25+FEV!F25+MAR!F25+ABR!F25+MAI!F25+JUN!F25+JUL!F25+AGO!F25+SET!F25+OUT!F25+NOV!F25+DEZ!F25 -> 0 | G25: =JAN!G25+FEV!G25+MAR!G25+ABR!G25+MAI!G25+JUN!G25+JUL!G25+AGO!G25+SET!G25+OUT!G25+NOV!G25+DEZ!G25 -> 0
A26: TOTAL | B26: =B24+B21 -> 9.5092994e+08 | C26: =C24+C21 -> 0 | D26: =D24+D21 -> 0 | E26: =E24+E21 -> 1025.8229 | F26: =F24+F21 -> 1.1489985e+08 | G26: =JAN!G26+FEV!G26+MAR!G26+ABR!G26+MAI!G26+JUN!G26+JUL!G26+AGO!G26+SET!G26+OUT!G26+NOV!G26+DEZ!G26 -> 8.3602907e+08
G28: R$ Mil
A29: RECEITAS | B29: DEMONSTRATIVO DA BASE DE CÁLCULO
B30: MUNICÍPIOS | C30: ESTADOS | E30: REGIÕES
B31: FPM | C31: FPE | D31: IPI-EXP | E31: FNE | F31: FNO | G31: FCO
B32: (22,5% x (F)) | C32: (21,5% x (F)) | D32: (10% x (F)) | E32: (1,8% x (F)) | F32: (0,6% x (F)) | G32: (0,6% x (F))
A34: Imposto de Renda de Pessoa Física | B34: =JAN!B34+FEV!B34+MAR!B34+ABR!B34+MAI!B34+JUN!B34+JUL!B34+AGO!B34+SET!B34+OUT!B34+NOV!B34+DEZ!B34 -> 15958016 | C34: =JAN!C34+FEV!C34+MAR!C34+ABR!C34+MAI!C34+JUN!C34+JUL!C34+AGO!C34+SET!C34+OUT!C34+NOV!C34+DEZ!C34 -> 15248771 | D34: =JAN!D34+FEV!D34+MAR!D34+ABR!D34+MAI!D34+JUN!D34+JUL!D34+AGO!D34+SET!D34+OUT!D34+NOV!D34+DEZ!D34 -> 0 | E34: =JAN!E34+FEV!E34+MAR!E34+ABR!E34+MAI!E34+JUN!E34+JUL!E34+AGO!E34+SET!E34+OUT!E34+NOV!E34+DEZ!E34 -> 1276641.3 | F34: =JAN!F34+FEV!F34+MAR!F34+ABR!F34+MAI!F34+JUN!F34+JUL!F34+AGO!F34+SET!F34+OUT!F34+NOV!F34+DEZ!F34 -> 425547.1 | G34: =JAN!G34+FEV!G34+MAR!G34+ABR!G34+MAI!G34+JUN!G34+JUL!G34+AGO!G34+SET!G34+OUT!G34+NOV!G34+DEZ!G34 -> 425547.1
A35: Imposto de Renda de Pessoa Jurídica | B35: =JAN!B35+FEV!B35+MAR!B35+ABR!B35+MAI!B35+JUN!B35+JUL!B35+AGO!B35+SET!B35+OUT!B35+NOV!B35+DEZ!B35 -> 55700730 | C35: =JAN!C35+FEV!C35+MAR!C35+ABR!C35+MAI!C35+JUN!C35+JUL!C35+AGO!C35+SET!C35+OUT!C35+NOV!C35+DEZ!C35 -> 53225142 | D35: =JAN!D35+FEV!D35+MAR!D35+ABR!D35+MAI!D35+JUN!D35+JUL!D35+AGO!D35+SET!D35+OUT!D35+NOV!D35+DEZ!D35 -> 0 | E35: =JAN!E35+FEV!E35+MAR!E35+ABR!E35+MAI!E35+JUN!E35+JUL!E35+AGO!E35+SET!E35+OUT!E35+NOV!E35+DEZ!E35 -> 4456058.4 | F35: =JAN!F35+FEV!F35+MAR!F35+ABR!F35+MAI!F35+JUN!F35+JUL!F35+AGO!F35+SET!F35+OUT!F35+NOV!F35+DEZ!F35 -> 1485352.8 | G35: =JAN!G35+FEV!G35+MAR!G35+ABR!G35+MAI!G35+JUN!G35+JUL!G35+AGO!G35+SET!G35+OUT!G35+NOV!G35+DEZ!G35 -> 1485352.8
A36: Imposto de Renda Retido na Fonte | B36: =JAN!B36+FEV!B36+MAR!B36+ABR!B36+MAI!B36+JUN!B36+JUL!B36+AGO!B36+SET!B36+OUT!B36+NOV!B36+DEZ!B36 -> 94888396 | C36: =JAN!C36+FEV!C36+MAR!C36+ABR!C36+MAI!C36+JUN!C36+JUL!C36+AGO!C36+SET!C36+OUT!C36+NOV!C36+DEZ!C36 -> 90671134 | D36: =JAN!D36+FEV!D36+MAR!D36+ABR!D36+MAI!D36+JUN!D36+JUL!D36+AGO!D36+SET!D36+OUT!D36+NOV!D36+DEZ!D36 -> 0 | E36: =JAN!E36+FEV!E36+MAR!E36+ABR!E36+MAI!E36+JUN!E36+JUL!E36+AGO!E36+SET!E36+OUT!E36+NOV!E36+DEZ!E36 -> 7591071.7 | F36: =JAN!F36+FEV!F36+MAR!F36+ABR!F36+MAI!F36+JUN!F36+JUL!F36+AGO!F36+SET!F36+OUT!F36+NOV!F36+DEZ!F36 -> 2530357.2 | G36: =JAN!G36+FEV!G36+MAR!G36+ABR!G36+MAI!G36+JUN!G36+JUL!G36+AGO!G36+SET!G36+OUT!G36+NOV!G36+DEZ!G36 -> 2530357.2
A37: Multas e Juros (I.R.) | B37: =JAN!B37+FEV!B37+MAR!B37+ABR!B37+MAI!B37+JUN!B37+JUL!B37+AGO!B37+SET!B37+OUT!B37+NOV!B37+DEZ!B37 -> 3277459 | C37: =JAN!C37+FEV!C37+MAR!C37+ABR!C37+MAI!C37+JUN!C37+JUL!C37+AGO!C37+SET!C37+OUT!C37+NOV!C37+DEZ!C37 -> 3131794.1 | D37: =JAN!D37+FEV!D37+MAR!D37+ABR!D37+MAI!D37+JUN!D37+JUL!D37+AGO!D37+SET!D37+OUT!D37+NOV!D37+DEZ!D37 -> 0 | E37: =JAN!E37+FEV!E37+MAR!E37+ABR!E37+MAI!E37+JUN!E37+JUL!E37+AGO!E37+SET!E37+OUT!E37+NOV!E37+DEZ!E37 -> 262196.72 | F37: =JAN!F37+FEV!F37+MAR!F37+ABR!F37+MAI!F37+JUN!F37+JUL!F37+AGO!F37+SET!F37+OUT!F37+NOV!F37+DEZ!F37 -> 87398.906 | G37: =JAN!G37+FEV!G37+MAR!G37+ABR!G37+MAI!G37+JUN!G37+JUL!G37+AGO!G37+SET!G37+OUT!G37+NOV!G37+DEZ!G37 -> 87398.906
A38: SUBTOTAL | B38: =JAN!B38+FEV!B38+MAR!B38+ABR!B38+MAI!B38+JUN!B38+JUL!B38+AGO!B38+SET!B38+OUT!B38+NOV!B38+DEZ!B38 -> 1.698246e+08 | C38: =JAN!C38+FEV!C38+MAR!C38+ABR!C38+MAI!C38+JUN!C38+JUL!C38+AGO!C38+SET!C38+OUT!C38+NOV!C38+DEZ!C38 -> 1.6227684e+08 | D38: =JAN!D38+FEV!D38+MAR!D38+ABR!D38+MAI!D38+JUN!D38+JUL!D38+AGO!D38+SET!D38+OUT!D38+NOV!D38+DEZ!D38 -> 0 | E38: =JAN!E38+FEV!E38+MAR!E38+ABR!E38+MAI!E38+JUN!E38+JUL!E38+AGO!E38+SET!E38+OUT!E38+NOV!E38+DEZ!E38 -> 13585968 | F38: =JAN!F38+FEV!F38+MAR!F38+ABR!F38+MAI!F38+JUN!F38+JUL!F38+AGO!F38+SET!F38+OUT!F38+NOV!F38+DEZ!F38 -> 4528656 | G38: =JAN!G38+FEV!G38+MAR!G38+ABR!G38+MAI!G38+JUN!G38+JUL!G38+AGO!G38+SET!G38+OUT!G38+NOV!G38+DEZ!G38 -> 4528656
A39: Imposto sobre Produtos Industrializados | B39: =JAN!B39+FEV!B39+MAR!B39+ABR!B39+MAI!B39+JUN!B39+JUL!B39+AGO!B39+SET!B39+OUT!B39+NOV!B39+DEZ!B39 -> 18031161 | C39: =JAN!C39+FEV!C39+MAR!C39+ABR!C39+MAI!C39+JUN!C39+JUL!C39+AGO!C39+SET!C39+OUT!C39+NOV!C39+DEZ!C39 -> 17229776 | D39: =JAN!D39+FEV!D39+MAR!D39+ABR!D39+MAI!D39+JUN!D39+JUL!D39+AGO!D39+SET!D39+OUT!D39+NOV!D39+DEZ!D39 -> 8013849.1 | E39: =JAN!E39+FEV!E39+MAR!E39+ABR!E39+MAI!E39+JUN!E39+JUL!E39+AGO!E39+SET!E39+OUT!E39+NOV!E39+DEZ!E39 -> 1442492.8 | F39: =JAN!F39+FEV!F39+MAR!F39+ABR!F39+MAI!F39+JUN!F39+JUL!F39+AGO!F39+SET!F39+OUT!F39+NOV!F39+DEZ!F39 -> 480830.95 | G39: =JAN!G39+FEV!G39+MAR!G39+ABR!G39+MAI!G39+JUN!G39+JUL!G39+AGO!G39+SET!G39+OUT!G39+NOV!G39+DEZ!G39 -> 480830.95
A40: Multas e Juros (IPI) | B40: =JAN!B40+FEV!B40+MAR!B40+ABR!B40+MAI!B40+JUN!B40+JUL!B40+AGO!B40+SET!B40+OUT!B40+NOV!B40+DEZ!B40 -> 250777.94 | C40: =JAN!C40+FEV!C40+MAR!C40+ABR!C40+MAI!C40+JUN!C40+JUL!C40+AGO!C40+SET!C40+OUT!C40+NOV!C40+DEZ!C40 -> 239632.25 | D40: =JAN!D40+FEV!D40+MAR!D40+ABR!D40+MAI!D40+JUN!D40+JUL!D40+AGO!D40+SET!D40+OUT!D40+NOV!D40+DEZ!D40 -> 111456.86 | E40: =JAN!E40+FEV!E40+MAR!E40+ABR!E40+MAI!E40+JUN!E40+JUL!E40+AGO!E40+SET!E40+OUT!E40+NOV!E40+DEZ!E40 -> 20062.235 | F40: =JAN!F40+FEV!F40+MAR!F40+ABR!F40+MAI!F40+JUN!F40+JUL!F40+AGO!F40+SET!F40+OUT!F40+NOV!F40+DEZ!F40 -> 6687.4116 | G40: =JAN!G40+FEV!G40+MAR!G40+ABR!G40+MAI!G40+JUN!G40+JUL!G40+AGO!G40+SET!G40+OUT!G40+NOV!G40+DEZ!G40 -> 6687.4116
A41: SUBTOTAL | B41: =JAN!B41+FEV!B41+MAR!B41+ABR!B41+MAI!B41+JUN!B41+JUL!B41+AGO!B41+SET!B41+OUT!B41+NOV!B41+DEZ!B41 -> 18281939 | C41: =JAN!C41+FEV!C41+MAR!C41+ABR!C41+MAI!C41+JUN!C41+JUL!C41+AGO!C41+SET!C41+OUT!C41+NOV!C41+DEZ!C41 -> 17469408 | D41: =JAN!D41+FEV!D41+MAR!D41+ABR!D41+MAI!D41+JUN!D41+JUL!D41+AGO!D41+SET!D41+OUT!D41+NOV!D41+DEZ!D41 -> 8125306 | E41: =JAN!E41+FEV!E41+MAR!E41+ABR!E41+MAI!E41+JUN!E41+JUL!E41+AGO!E41+SET!E41+OUT!E41+NOV!E41+DEZ!E41 -> 1462555.1 | F41: =JAN!F41+FEV!F41+MAR!F41+ABR!F41+MAI!F41+JUN!F41+JUL!F41+AGO!F41+SET!F41+OUT!F41+NOV!F41+DEZ!F41 -> 487518.36 | G41: =JAN!G41+FEV!G41+MAR!G41+ABR!G41+MAI!G41+JUN!G41+JUL!G41+AGO!G41+SET!G41+OUT!G41+NOV!G41+DEZ!G41 -> 487518.36
B42: =JAN!B42+FEV!B42+MAR!B42+ABR!B42+MAI!B42+JUN!B42+JUL!B42+AGO!B42+SET!B42+OUT!B42+NOV!B42+DEZ!B42 -> 0 | C42: =JAN!C42+FEV!C42+MAR!C42+ABR!C42+MAI!C42+JUN!C42+JUL!C42+AGO!C42+SET!C42+OUT!C42+NOV!C42+DEZ!C42 -> 0 | D42: =JAN!D42+FEV!D42+MAR!D42+ABR!D42+MAI!D42+JUN!D42+JUL!D42+AGO!D42+SET!D42+OUT!D42+NOV!D42+DEZ!D42 -> 0 | E42: =JAN!E42+FEV!E42+MAR!E42+ABR!E42+MAI!E42+JUN!E42+JUL!E42+AGO!E42+SET!E42+OUT!E42+NOV!E42+DEZ!E42 -> 0 | F42: =JAN!F42+FEV!F42+MAR!F42+ABR!F42+MAI!F42+JUN!F42+JUL!F42+AGO!F42+SET!F42+OUT!F42+NOV!F42+DEZ!F42 -> 0 | G42: =JAN!G42+FEV!G42+MAR!G42+ABR!G42+MAI!G42+JUN!G42+JUL!G42+AGO!G42+SET!G42+OUT!G42+NOV!G42+DEZ!G42 -> 0
A43: Retenção para transferência ao Fundeb (20%) | B43: =JAN!B43+FEV!B43+MAR!B43+ABR!B43+MAI!B43+JUN!B43+JUL!B43+AGO!B43+SET!B43+OUT!B43+NOV!B43+DEZ!B43 -> 37621308 | C43: =JAN!C43+FEV!C43+MAR!C43+ABR!C43+MAI!C43+JUN!C43+JUL!C43+AGO!C43+SET!C43+OUT!C43+NOV!C43+DEZ!C43 -> 35949250 | D43: =JAN!D43+FEV!D43+MAR!D43+ABR!D43+MAI!D43+JUN!D43+JUL!D43+AGO!D43+SET!D43+OUT!D43+NOV!D43+DEZ!D43 -> 1625061.2 | E43: =JAN!E43+FEV!E43+MAR!E43+ABR!E43+MAI!E43+JUN!E43+JUL!E43+AGO!E43+SET!E43+OUT!E43+NOV!E43+DEZ!E43 -> 0 | F43: =JAN!F43+FEV!F43+MAR!F43+ABR!F43+MAI!F43+JUN!F43+JUL!F43+AGO!F43+SET!F43+OUT!F43+NOV!F43+DEZ!F43 -> 0 | G43: =JAN!G43+FEV!G43+MAR!G43+ABR!G43+MAI!G43+JUN!G43+JUL!G43+AGO!G43+SET!G43+OUT!G43+NOV!G43+DEZ!G43 -> 0
B44: =JAN!B44+FEV!B44+MAR!B44+ABR!B44+MAI!B44+JUN!B44+JUL!B44+AGO!B44+SET!B44+OUT!B44+NOV!B44+DEZ!B44 -> 0 | C44: =JAN!C44+FEV!C44+MAR!C44+ABR!C44+MAI!C44+JUN!C44+JUL!C44+AGO!C44+SET!C44+OUT!C44+NOV!C44+DEZ!C44 -> 0 | D44: =JAN!D44+FEV!D44+MAR!D44+ABR!D44+MAI!D44+JUN!D44+JUL!D44+AGO!D44+SET!D44+OUT!D44+NOV!D44+DEZ!D44 -> 0 | E44: =JAN!E44+FEV!E44+MAR!E44+ABR!E44+MAI!E44+JUN!E44+JUL!E44+AGO!E44+SET!E44+OUT!E44+NOV!E44+DEZ!E44 -> 0 | F44: =JAN!F44+FEV!F44+MAR!F44+ABR!F44+MAI!F44+JUN!F44+JUL!F44+AGO!F44+SET!F44+OUT!F44+NOV!F44+DEZ!F44 -> 0 | G44: =JAN!G44+FEV!G44+MAR!G44+ABR!G44+MAI!G44+JUN!G44+JUL!G44+AGO!G44+SET!G44+OUT!G44+NOV!G44+DEZ!G44 -> 0
A45: TOTAL | B45: =JAN!B45+FEV!B45+MAR!B45+ABR!B45+MAI!B45+JUN!B45+JUL!B45+AGO!B45+SET!B45+OUT!B45+NOV!B45+DEZ!B45 -> 1.5048523e+08 | C45: =JAN!C45+FEV!C45+MAR!C45+ABR!C45+MAI!C45+JUN!C45+JUL!C45+AGO!C45+SET!C45+OUT!C45+NOV!C45+DEZ!C45 -> 1.43797e+08 | D45: =JAN!D45+FEV!D45+MAR!D45+ABR!D45+MAI!D45+JUN!D45+JUL!D45+AGO!D45+SET!D45+OUT!D45+NOV!D45+DEZ!D45 -> 6500244.8 | E45: =JAN!E45+FEV!E45+MAR!E45+ABR!E45+MAI!E45+JUN!E45+JUL!E45+AGO!E45+SET!E45+OUT!E45+NOV!E45+DEZ!E45 -> 15048523 | F45: =JAN!F45+FEV!F45+MAR!F45+ABR!F45+MAI!F45+JUN!F45+JUL!F45+AGO!F45+SET!F45+OUT!F45+NOV!F45+DEZ!F45 -> 5016174.4 | G45: =JAN!G45+FEV!G45+MAR!G45+ABR!G45+MAI!G45+JUN!G45+JUL!G45+AGO!G45+SET!G45+OUT!G45+NOV!G45+DEZ!G45 -> 5016174.4
A46: Observações:
A47: =CONCATENATE("Receita classificada referente ao período de 21/12/2025 a ", TEXT(DATE(YEAR(TODAY()),MONTH(TODAY()-30),20),"DD/MM/AA")) -> Receita classificada referente ao período de 21/12/2025 a 20/10/26
A48: Na arrecadação bruta do IRPJ estão incluídos os incentivos fiscais e o PIN/PROTERRA.
A50: FPM 1% E.C. 84/2014 | B50: =JUL!H69 -> 9946934.8
A52: FPM 0,5% E.C. 112/2021 | B52: =SET!#REF! -> #REF!
A54: FPM 1% E.C. 55/2007 | B54: =DEZ!H70 -> 0
